Workbook

Sheet DADOS
A1: Prefeitura Municipal de Ibicaré - SC
A2: SEMED - Secretaria de Educação
A3: Data do documento: | C3: 05/03/2026
A4: Licitação número:
A5: Lote:
A6: Dados da licitante
A7: Razão social
A8: CNPJ:
A9: Telefone:
A10: E-Mail:
A11: Nome responsável:
A12: CPF responsável:
A13: Cidade licitante:
A14: UF licitante:
A20: INSTRUÇÕES DE PREENCHIMENTO DA PLANILHA
... A24: A coluna de material deverá ser informado quanto do valor total do item corresponde ao custo do material. Caso nenhum valor seja informado, todo o custo será considerado como custo de serviço. Ao preencher o campo de material, a planilha recalculará automaticamente o valor do custo de serviço.

Sheet Orçamento
A1: Prefeitura Municipal de Ibicaré - SC
A2: Orcamento de obra - AMPLIAÇÃO CRECHE MUNICIPAL MADRE LEONTINA
A3: Data: | B3: =DADOS!C3 -> 05/03/2026
A4: Empresa: | B4: =DADOS!C7 -> 0 | G4: Telefone: | H4: =DADOS!C9
A5: CNPJ: | B5: =DADOS!C8 | D5: Cidade: | E5: =DADOS!C13 -> 0 | H5: UF: | I5: =DADOS!C14 -> 0
A7: Item | B7: Descrição dos itens | C7: U.M. | D7: Qtde. | E7: Custo base R$ | F7: %BDI/K/TRDE Base | G7: Preço base R$ | H7: Custo Un. R$ | I7: %BDI/K/TRDE | J7: Preço Un. R$ | K7: Material R$ | L7: Serviço R$ | M7: Total Material R$ | N7: Total Serviço R$ | O7: Total R$
A8: 1 | B8: SERVIÇOS INICIAIS | O8: =O9 -> 0 | P8: Etapa
A9: 1.1 | B9: SERVIÇOS INICIAIS | M9: =SUM(M10:M15) -> 0 | N9: =SUM(N10:N15) -> 0 | O9: =SUM(O10:O15) -> 0 | P9: Etapa
A10: 1.1.1 | B10: FORNECIMENTO E INSTALAÇÃO DE PLACA DE OBRA COM CHAPA GALVANIZADA E ESTRUTURA DE MADEIRA. | C10: M2 | D10: 3 | E10: 200 | F10: 23.54 | G10: 247.08 | I10: =ROUND('BDI Principal'!D14,2) -> 23.54 | J10: =ROUND((ROUND(H10,2)*I10/100)+ROUND(H10,2),2) -> 0 | L10: =J10-K10 -> 0 | M10: =ROUND(K10*D10,2) -> 0 | N10: =O10-M10 -> 0 | O10: =ROUND(D10*J10,2) -> 0 | P10: Item
A11: 1.1.2 | B11: EXECUÇÃO DE ALMOXARIFADO EM CANTEIRO DE OBRA EM CHAPA DE MADEIRA COMPENSADA, TELHA EM FIBROCIMENTO, E PISO BRITADO 10CM, COM PONTO DE TOMADA E ILUMINAÇÃO | C11: M2 | D11: 6 | E11: 460.484 | F11: 23.54 | G11: 568.88 | I11: =ROUND('BDI Principal'!D14,2) -> 23.54 | J11: =ROUND((ROUND(H11,2)*I11/100)+ROUND(H11,2),2) -> 0 | L11: =J11-K11 -> 0 | M11: =ROUND(K11*D11,2) -> 0 | N11: =O11-M11 -> 0 | O11: =ROUND(D11*J11,2) -> 0 | P11: Item
A12: 1.1.3 | B12: MONTAGEM E DESMONTAGEM DE ANDAIME TUBULAR TIPO "TORRE" | C12: M | D12: 8 | E12: 32.2335 | F12: 23.54 | G12: 39.82 | I12: =ROUND('BDI Principal'!D14,2) -> 23.54 | J12: =ROUND((ROUND(H12,2)*I12/100)+ROUND(H12,2),2) -> 0 | L12: =J12-K12 -> 0 | M12: =ROUND(K12*D12,2) -> 0 | N12: =O12-M12 -> 0 | O12: =ROUND(D12*J12,2) -> 0 | P12: Item
A13: 1.1.4 | B13: LOCACAO DE ANDAIME METALICO TUBULAR DE ENCAIXE, TIPO DE TORRE, INCLUINDO DIAGONAL, BARRAS DE LIGACAO, SAPATAS OU RODIZIOS E DEMAIS ITENS NECESSARIOS A MONTAGEM | C13: MXMES | D13: 24 | E13: 44.536 | F13: 23.54 | G13: 55.02 | I13: =ROUND('BDI Principal'!D14,2) -> 23.54 | J13: =ROUND((ROUND(H13,2)*I13/100)+ROUND(H13,2),2) -> 0 | L13: =J13-K13 -> 0 | M13: =ROUND(K13*D13,2) -> 0 | N13: =O13-M13 -> 0 | O13: =ROUND(D13*J13,2) -> 0 | P13: Item
A14: 1.1.5 | B14: TAPUME COM TELHA METÁLICA ENTRE A CRECHE EXISTENTE E A AMPLIAÇÃO PARA SEGURANÇA DAS CRIANÇAS | C14: M2 | D14: 44 | E14: 80 | F14: 23.54 | G14: 98.83 | I14: =ROUND('BDI Principal'!D14,2) -> 23.54 | J14: =ROUND((ROUND(H14,2)*I14/100)+ROUND(H14,2),2) -> 0 | L14: =J14-K14 -> 0 | M14: =ROUND(K14*D14,2) -> 0 | N14: =O14-M14 -> 0 | O14: =ROUND(D14*J14,2) -> 0 | P14: Item
A15: 1.1.6 | B15: ADMINISTRAÇÃO LOCAL DE OBRA | C15: H | D15: 32 | E15: 132.0975 | F15: 23.54 | G15: 163.2 | I15: =ROUND('BDI Principal'!D14,2) -> 23.54 | J15: =ROUND((ROUND(H15,2)*I15/100)+ROUND(H15,2),2) -> 0 | L15: =J15-K15 -> 0 | M15: =ROUND(K15*D15,2) -> 0 | N15: =O15-M15 -> 0 | O15: =ROUND(D15*J15,2) -> 0 | P15: Item
A16: 2 | B16: RUA COBERTA | O16: =O17+O31+O41+O47 -> 0 | P16: Etapa
A17: 2.1 | B17: FUNDAÇÃO | M17: =SUM(M18:M30) -> 0 | N17: =SUM(N18:N30) -> 0 | O17: =SUM(O18:O30) -> 0 | P17: Etapa
A18: 2.1.1 | B18: CORTE DE CALÇADAS/SUPERFÍCIES EM CONCRETO ARMADO ONDE SERÁ EXECUTADA FUNDAÇÃO DE RUA COBERTA | C18: M | D18: 60 | E18: 10.108 | F18: 23.54 | G18: 12.49 | I18: =ROUND('BDI Principal'!D14,2) -> 23.54 | J18: =ROUND((ROUND(H18,2)*I18/100)+ROUND(H18,2),2) -> 0 | L18: =J18-K18 -> 0 | M18: =ROUND(K18*D18,2) -> 0 | N18: =O18-M18 -> 0 | O18: =ROUND(D18*J18,2) -> 0 | P18: Item
A19: 2.1.2 | B19: ESCAVAÇÃO MECANIZADA PARA SAPATA COM RETROESCAVADEIRA | C19: M3 | D19: 36.04 | E19: 44.004 | F19: 23.54 | G19: 54.36 | I19: =ROUND('BDI Principal'!D14,2) -> 23.54 | J19: =ROUND((ROUND(H19,2)*I19/100)+ROUND(H19,2),2) -> 0 | L19: =J19-K19 -> 0 | M19: =ROUND(K19*D19,2) -> 0 | N19: =O19-M19 -> 0 | O19: =ROUND(D19*J19,2) -> 0 | P19: Item
A20: 2.1.3 | B20: LASTRO DE CONCRETO MAGRO, APLICADO EM SAPATAS, ESPESSURA DE 3 CM | C20: M2 | D20: 24.03 | E20: 23.389 | F20: 23.54 | G20: 28.9 | I20: =ROUND('BDI Principal'!D14,2) -> 23.54 | J20: =ROUND((ROUND(H20,2)*I20/100)+ROUND(H20,2),2) -> 0 | L20: =J20-K20 -> 0 | M20: =ROUND(K20*D20,2) -> 0 | N20: =O20-M20 -> 0 | O20: =ROUND(D20*J20,2) -> 0 | P20: Item
A21: 2.1.4 | B21: FABRICAÇÃO, MONTAGEM E DESMONTAGEM DE FÔRMA PARA SAPATA, EM MADEIRA SERRADA, E=25 MM | C21: M2 | D21: 28 | E21: 64.108 | F21: 23.54 | G21: 79.2 | I21: =ROUND('BDI Principal'!D14,2) -> 23.54 | J21: =ROUND((ROUND(H21,2)*I21/100)+ROUND(H21,2),2) -> 0 | L21: =J21-K21 -> 0 | M21: =ROUND(K21*D21,2) -> 0 | N21: =O21-M21 -> 0 | O21: =ROUND(D21*J21,2) -> 0 | P21: Item
A22: 2.1.5 | B22: ARMAÇÃO DE SAPATA ISOLADA, VIGA BALDRAME E SAPATA CORRIDA UTILIZANDO AÇO CA-60 DE 6,3 MM - MONTAGEM. AF_01/2024 | C22: KG | D22: 43 | E22: 15.9125 | F22: 23.54 | G22: 19.66 | I22: =ROUND('BDI Principal'!D14,2) -> 23.54 | J22: =ROUND((ROUND(H22,2)*I22/100)+ROUND(H22,2),2) -> 0 | L22: =J22-K22 -> 0 | M22: =ROUND(K22*D22,2) -> 0 | N22: =O22-M22 -> 0 | O22: =ROUND(D22*J22,2) -> 0 | P22: Item
A23: 2.1.6 | B23: ARMAÇÃO DE SAPATA ISOLADA, VIGA BALDRAME E SAPATA CORRIDA UTILIZANDO AÇO CA-50 DE 8 MM - MONTAGEM. AF_01/2024 | C23: KG | D23: 100 | E23: 14.3925 | F23: 23.54 | G23: 17.78 | I23: =ROUND('BDI Principal'!D14,2) -> 23.54 | J23: =ROUND((ROUND(H23,2)*I23/100)+ROUND(H23,2),2) -> 0 | L23: =J23-K23 -> 0 | M23: =ROUND(K23*D23,2) -> 0 | N23: =O23-M23 -> 0 | O23: =ROUND(D23*J23,2) -> 0 | P23: Item
A24: 2.1.7 | B24: ARMAÇÃO DE SAPATA ISOLADA, VIGA BALDRAME E SAPATA CORRIDA UTILIZANDO AÇO CA-50 DE 10 MM - MONTAGEM. AF_01/2024 | C24: KG | D24: 155 | E24: 12.654 | F24: 23.54 | G24: 15.63 | I24: =ROUND('BDI Principal'!D14,2) -> 23.54 | J24: =ROUND((ROUND(H24,2)*I24/100)+ROUND(H24,2),2) -> 0 | L24: =J24-K24 -> 0 | M24: =ROUND(K24*D24,2) -> 0 | N24: =O24-M24 -> 0 | O24: =ROUND(D24*J24,2) -> 0 | P24: Item
A25: 2.1.8 | B25: CONCRETAGEM DE SAPATA, FCK 30 MPA, COM USO DE BOMBA - LANÇAMENTO, ADENSAMENTO E ACABAMENTO | C25: M3 | D25: 11 | E25: 821.6645 | F25: 23.54 | G25: 1015.08 | I25: =ROUND('BDI Principal'!D14,2) -> 23.54 | J25: =ROUND((ROUND(H25,2)*I25/100)+ROUND(H25,2),2) -> 0 | L25: =J25-K25 -> 0 | M25: =ROUND(K25*D25,2) -> 0 | N25: =O25-M25 -> 0 | O25: =ROUND(D25*J25,2) -> 0 | P25: Item
A26: 2.1.9 | B26: FABRICAÇÃO DE FÔRMA PARA PILARES CIRCULARES, EM CHAPA DE MADEIRA COMPENSADA RESINADA, PÉ-DIREITO SIMPLES. AF_05/2024 | C26: M2 | D26: 26 | E26: 80.88 | F26: 23.54 | G26: 99.92 | I26: =ROUND('BDI Principal'!D14,2) -> 23.54 | J26: =ROUND((ROUND(H26,2)*I26/100)+ROUND(H26,2),2) -> 0 | L26: =J26-K26 -> 0 | M26: =ROUND(K26*D26,2) -> 0 | N26: =O26-M26 -> 0 | O26: =ROUND(D26*J26,2) -> 0 | P26: Item
A27: 2.1.10 | B27: ARMAÇÃO DE PILAR OU VIGA DE ESTRUTURA CONVENCIONAL DE CONCRETO ARMADO UTILIZANDO AÇO CA-50 DE 12,5 MM - MONTAGEM. AF_06/2022 | C27: KG | D27: 257 | E27: 8.816 | F27: 23.54 | G27: 10.9 | I27: =ROUND('BDI Principal'!D14,2) -> 23.54 | J27: =ROUND((ROUND(H27,2)*I27/100)+ROUND(H27,2),2) -> 0 | L27: =J27-K27 -> 0 | M27: =ROUND(K27*D27,2) -> 0 | N27: =O27-M27 -> 0 | O27: =ROUND(D27*J27,2) -> 0 | P27: Item
A28: 2.1.11 | B28: ARMAÇÃO DE PILAR OU VIGA DE ESTRUTURA CONVENCIONAL DE CONCRETO ARMADO UTILIZANDO AÇO CA-60 DE 5,0 MM - MONTAGEM. AF_06/2022 | C28: KG | D28: 37 | E28: 14.516 | F28: 23.54 | G28: 17.94 | I28: =ROUND('BDI Principal'!D14,2) -> 23.54 | J28: =ROUND((ROUND(H28,2)*I28/100)+ROUND(H28,2),2) -> 0 | L28: =J28-K28 -> 0 | M28: =ROUND(K28*D28,2) -> 0 | N28: =O28-M28 -> 0 | O28: =ROUND(D28*J28,2) -> 0 | P28: Item
A29: 2.1.12 | B29: CONCRETAGEM DE PILARES, FCK = 30 MPA, COM USO DE BOMBA - LANÇAMENTO, ADENSAMENTO E ACABAMENTO | C29: M3 | D29: 5 | E29: 711.341 | F29: 23.54 | G29: 878.79 | I29: =ROUND('BDI Principal'!D14,2) -> 23.54 | J29: =ROUND((ROUND(H29,2)*I29/100)+ROUND(H29,2),2) -> 0 | L29: =J29-K29 -> 0 | M29: =ROUND(K29*D29,2) -> 0 | N29: =O29-M29 -> 0 | O29: =ROUND(D29*J29,2) -> 0 | P29: Item
A30: 2.1.13 | B30: REATERRO MECANIZADO DE VALA COM RACHÃO | C30: M3 | D30: 10.81 | E30: 99.9305 | F30: 23.54 | G30: 123.45 | I30: =ROUND('BDI Principal'!D14,2) -> 23.54 | J30: =ROUND((ROUND(H30,2)*I30/100)+ROUND(H30,2),2) -> 0 | L30: =J30-K30 -> 0 | M30: =ROUND(K30*D30,2) -> 0 | N30: =O30-M30 -> 0 | O30: =ROUND(D30*J30,2) -> 0 | P30: Item
A31: 2.2 | B31: ESTRUTURA E COBERTURA | M31: =SUM(M32:M40) -> 0 | N31: =SUM(N32:N40) -> 0 | O31: =SUM(O32:O40) -> 0 | P31: Etapa
A32: 2.2.1 | B32: ESTRUTURA METÁLICA PARA RUA COBERTA, COMPREENDENDO PILARES, VIGAS, ESTRUTURA COMPLETA DE COBERTURA, PLATIBANDA E FIXAÇÃO, CONFORME PROJETO ESTRUTURAL QUE PREVE FUTURA INSTALAÇÃO DE PLACAS SOLARES, INCLUINDO FORNECIMENTO DE MATERIAIS, CORTE, CONFECÇÃO, MONTAGEM, TRANSPORTE, PERDAS E DEMAIS ENCARGOS NECESSÁRIOS À EXECUÇÃO, COM PINTURA NA COR DEFINIDA PELA FISCALIZAÇÃO – CRECHE IBICARÉ | C32: UN | D32: 1 | E32: 280000 | F32: 0 | G32: 280000 | I32: 0 | J32: =ROUND((ROUND(H32,2)*I32/100)+ROUND(H32,2),2) -> 0 | L32: =J32-K32 -> 0 | M32: =ROUND(K32*D32,2) -> 0 | N32: =O32-M32 -> 0 | O32: =ROUND(D32*J32,2) -> 0 | P32: Item
A33: 2.2.2 | B33: TELHAMENTO COM TELHA TERMOISOLANTE REVESTIDA EM ACO GALVANIZADO, FACE SUPERIOR EM TELHA TIPO TP 35 OU SIMILAR, E FACE INFERIOR EM CHAPA PLANA, REVESTIMENTO COM ESPESSURA DE 0,50 MM COM PINTURA NAS DUAS FACES (VERIFICAR COR COM A FISCALIZAÇÃO), NUCLEO EM EPS, DE 30 MM. ÁREA PREVE TRANSPASSE E INCLINAÇÃO DE PROJETO. FIXAÇÃO COM PARAFUSO PARA TELHA TERMOACÚSTICA | C33: M2 | D33: 273.2 | E33: 183.3405 | F33: 23.54 | G33: 226.5 | I33: =ROUND('BDI Principal'!D14,2) -> 23.54 | J33: =ROUND((ROUND(H33,2)*I33/100)+ROUND(H33,2),2) -> 0 | L33: =J33-K33 -> 0 | M33: =ROUND(K33*D33,2) -> 0 | N33: =O33-M33 -> 0 | O33: =ROUND(D33*J33,2) -> 0 | P33: Item
A34: 2.2.3 | B34: CALHA EM CHAPA DE AÇO GALVANIZADO NÚMERO 24, DESENVOLVIMENTO DE 100 CM, INCLUSO TRANSPORTE VERTICAL. AF_07/2019 | C34: M | D34: 9.5 | E34: 151.4015 | F34: 23.54 | G34: 187.04 | I34: =ROUND('BDI Principal'!D14,2) -> 23.54 | J34: =ROUND((ROUND(H34,2)*I34/100)+ROUND(H34,2),2) -> 0 | L34: =J34-K34 -> 0 | M34: =ROUND(K34*D34,2) -> 0 | N34: =O34-M34 -> 0 | O34: =ROUND(D34*J34,2) -> 0 | P34: Item
A35: 2.2.4 | B35: CHAPIM (RUFO CAPA) EM AÇO GALVANIZADO, CORTE 33. AF_11/2020 | C35: M | D35: 75.2 | E35: 39.634 | F35: 23.54 | G35: 48.96 | I35: =ROUND('BDI Principal'!D14,2) -> 23.54 | J35: =ROUND((ROUND(H35,2)*I35/100)+ROUND(H35,2),2) -> 0 | L35: =J35-K35 -> 0 | M35: =ROUND(K35*D35,2) -> 0 | N35: =O35-M35 -> 0 | O35: =ROUND(D35*J35,2) -> 0 | P35: Item
A36: 2.2.5 | B36: RUFO EXTERNO/INTERNO EM CHAPA DE AÇO GALVANIZADO NÚMERO 26, CORTE DE 33 CM, INCLUSO IÇAMENTO. AF_07/2019 | C36: M | D36: 65.7 | E36: 52.0315 | F36: 23.54 | G36: 64.28 | I36: =ROUND('BDI Principal'!D14,2) -> 23.54 | J36: =ROUND((ROUND(H36,2)*I36/100)+ROUND(H36,2),2) -> 0 | L36: =J36-K36 -> 0 | M36: =ROUND(K36*D36,2) -> 0 | N36: =O36-M36 -> 0 | O36: =ROUND(D36*J36,2) -> 0 | P36: Item
A37: 2.2.6 | B37: FECHAMENTO DE PLATIBANDA, COM TELHA DE AÇO/ALUMÍNIO TP 25, E = 0,5 MM, INCLUSO INSTALAÇÃO E IÇAMENTO | C37: M2 | D37: 98.5 | E37: 65.4265 | F37: 23.54 | G37: 80.83 | I37: =ROUND('BDI Principal'!D14,2) -> 23.54 | J37: =ROUND((ROUND(H37,2)*I37/100)+ROUND(H37,2),2) -> 0 | L37: =J37-K37 -> 0 | M37: =ROUND(K37*D37,2) -> 0 | N37: =O37-M37 -> 0 | O37: =ROUND(D37*J37,2) -> 0 | P37: Item
A38: 2.2.7 | B38: PINTURA COM TINTA EPOXÍDICA DE ACABAMENTO PULVERIZADA EM TELHAS PARA PLATIBANDA EXECUTADA EM FÁBRICA, NAS DUAS FACES DA TELHA | C38: M2 | D38: 197 | E38: 21.7265 | F38: 23.54 | G38: 26.85 | I38: =ROUND('BDI Principal'!D14,2) -> 23.54 | J38: =ROUND((ROUND(H38,2)*I38/100)+ROUND(H38,2),2) -> 0 | L38: =J38-K38 -> 0 | M38: =ROUND(K38*D38,2) -> 0 | N38: =O38-M38 -> 0 | O38: =ROUND(D38*J38,2) -> 0 | P38: Item
A39: 2.2.8 | B39: LETRA EM CAIXA ALTA, COM MATERIAL ACM ESP 5CM E ALTURA DE 25CM INCLUSO FORNECIMENTO E INSTALAÇÃO | C39: UN | D39: 25 | E39: 57 | F39: 23.54 | G39: 70.42 | I39: =ROUND('BDI Principal'!D14,2) -> 23.54 | J39: =ROUND((ROUND(H39,2)*I39/100)+ROUND(H39,2),2) -> 0 | L39: =J39-K39 -> 0 | M39: =ROUND(K39*D39,2) -> 0 | N39: =O39-M39 -> 0 | O39: =ROUND(D39*J39,2) -> 0 | P39: Item
A40: 2.2.9 | B40: SERVIÇO DE INSTALAÇÃO DE TUBOS DE PVC, SÉRIE R, ÁGUA PLUVIAL, DN 100 MM (INSTALADO EM RAMAL DE ENCAMINHAMENTO, OU CONDUTORES VERTICAIS), INCLUSIVE CONEXÕES, CORTES E FIXAÇÕES, PARA PRÉDIOS. AF_10/2015 | C40: M | D40: 20 | E40: 61.9875 | F40: 23.54 | G40: 76.58 | I40: =ROUND('BDI Principal'!D14,2) -> 23.54 | J40: =ROUND((ROUND(H40,2)*I40/100)+ROUND(H40,2),2) -> 0 | L40: =J40-K40 -> 0 | M40: =ROUND(K40*D40,2) -> 0 | N40: =O40-M40 -> 0 | O40: =ROUND(D40*J40,2) -> 0 | P40: Item
A41: 2.3 | B41: PASSEIO PÚBLICO | M41: =SUM(M42:M46) -> 0 | N41: =SUM(N42:N46) -> 0 | O41: =SUM(O42:O46) -> 0 | P41: Etapa
A42: 2.3.1 | B42: REGULARIZAÇÃO E COMPACTAÇÃO DE SUBLEITO DE SOLO PREDOMINANTEMENTE ARGILOSO | C42: M2 | D42: 113.9 | E42: 3.059 | F42: 23.54 | G42: 3.78 | I42: =ROUND('BDI Principal'!D14,2) -> 23.54 | J42: =ROUND((ROUND(H42,2)*I42/100)+ROUND(H42,2),2) -> 0 | L42: =J42-K42 -> 0 | M42: =ROUND(K42*D42,2) -> 0 | N42: =O42-M42 -> 0 | O42: =ROUND(D42*J42,2) -> 0 | P42: Item
A43: 2.3.2 | B43: GUIA (MEIO-FIO) CONCRETO, MOLDADA IN LOCO EM TRECHO RETO COM EXTRUSORA, 13 CM BASE X 22 CM ALTURA | C43: M | D43: 79 | E43: 39.1495 | F43: 23.54 | G43: 48.37 | I43: =ROUND('BDI Principal'!D14,2) -> 23.54 | J43: =ROUND((ROUND(H43,2)*I43/100)+ROUND(H43,2),2) -> 0 | L43: =J43-K43 -> 0 | M43: =ROUND(K43*D43,2) -> 0 | N43: =O43-M43 -> 0 | O43: =ROUND(D43*J43,2) -> 0 | P43: Item
A44: 2.3.3 | B44: LASTRO COM MATERIAL GRANULAR (PEDRA BRITADA N.1 E PEDRA BRITADA N.2), APLICADO EM PISOS SOBRE SOLO | C44: M3 | D44: 5.7 | E44: 197.4575 | F44: 23.54 | G44: 243.94 | I44: =ROUND('BDI Principal'!D14,2) -> 23.54 | J44: =ROUND((ROUND(H44,2)*I44/100)+ROUND(H44,2),2) -> 0 | L44: =J44-K44 -> 0 | M44: =ROUND(K44*D44,2) -> 0 | N44: =O44-M44 -> 0 | O44: =ROUND(D44*J44,2) -> 0 | P44: Item
A45: 2.3.4 | B45: EXECUÇÃO DE PASSEIO (CALÇADA) OU PISO DE CONCRETO COM CONCRETO MOLDADO IN LOCO, USINADO, ACABAMENTO CONVENCIONAL, ESPESSURA 8 CM, ARMADO COM TELA Q-196 | C45: M2 | D45: 113.9 | E45: 94.5345 | F45: 23.54 | G45: 116.78 | I45: =ROUND('BDI Principal'!D14,2) -> 23.54 | J45: =ROUND((ROUND(H45,2)*I45/100)+ROUND(H45,2),2) -> 0 | L45: =J45-K45 -> 0 | M45: =ROUND(K45*D45,2) -> 0 | N45: =O45-M45 -> 0 | O45: =ROUND(D45*J45,2) -> 0 | P45: Item
A46: 2.3.5 | B46: RAMPA DE ACESSIBILIDADE EM CONCRETO MOLDADO IN LOCO, EM CALÇADA NOVA COM LARGURA MENOR À 3,00 M, FCK 25MPA, COM PISO PODOTÁTIL | C46: M2 | D46: 2 | E46: 135.5555 | F46: 23.54 | G46: 167.47 | I46: =ROUND('BDI Principal'!D14,2) -> 23.54 | J46: =ROUND((ROUND(H46,2)*I46/100)+ROUND(H46,2),2) -> 0 | L46: =J46-K46 -> 0 | M46: =ROUND(K46*D46,2) -> 0 | N46: =O46-M46 -> 0 | O46: =ROUND(D46*J46,2) -> 0 | P46: Item
A47: 2.4 | B47: SUBSTITUIÇÃO ALAMBRADO | M47: =SUM(M48:M48) -> 0 | N47: =SUM(N48:N48) -> 0 | O47: =SUM(O48:O48) -> 0 | P47: Etapa
A48: 2.4.1 | B48: ALAMBRADO EM MOURÕES DE CONCRETO, COM TELA DE ARAME GALVANIZADO (INCLUSIVE MURETA EM CONCRETO). AF_12/2025 | C48: M | D48: 28 | E48: 201.913 | F48: 23.54 | G48: 249.44 | I48: =ROUND('BDI Principal'!D14,2) -> 23.54 | J48: =ROUND((ROUND(H48,2)*I48/100)+ROUND(H48,2),2) -> 0 | L48: =J48-K48 -> 0 | M48: =ROUND(K48*D48,2) -> 0 | N48: =O48-M48 -> 0 | O48: =ROUND(D48*J48,2) -> 0 | P48: Item
A49: 3 | B49: ACESSO PRINCIPAL | O49: =O50+O59+O66 -> 0 | P49: Etapa
A50: 3.1 | B50: ESTRUTURA E TELHAMENTO | M50: =SUM(M51:M58) -> 0 | N50: =SUM(N51:N58) -> 0 | O50: =SUM(O51:O58) -> 0 | P50: Etapa
A51: 3.1.1 | B51: ESTRUTURA COMPLETA DE MARQUISE DE ACESSO, COMPREENDENDO ESTRUTURA COMPLETA DE COBERTURA, PLATIBANDA E FIXAÇÃO, INCLUINDO TODAS AS CONEXÕES METÁLICAS NECESSÁRIAS, PINTURA, MÃO DE OBRA, TRANSPORTE E IÇAMENTO COM UTILIZAÇÃO DE GUINDASTE, FORNECIMENTO E INSTALAÇÃO - CONFORME PROJETO DIMENSIONADO POR ENG. MECÂNICO | C51: UN | D51: 1 | E51: 53767.7 | F51: 0 | G51: 53767.7 | I51: 0 | J51: =ROUND((ROUND(H51,2)*I51/100)+ROUND(H51,2),2) -> 0 | L51: =J51-K51 -> 0 | M51: =ROUND(K51*D51,2) -> 0 | N51: =O51-M51 -> 0 | O51: =ROUND(D51*J51,2) -> 0 | P51: Item
A52: 3.1.2 | B52: TELHAMENTO COM TELHA TERMOISOLANTE REVESTIDA EM ACO GALVANIZADO, FACE SUPERIOR EM TELHA TIPO TP 35 OU SIMILAR, E FACE INFERIOR EM CHAPA PLANA, REVESTIMENTO COM ESPESSURA DE 0,50 MM COM PINTURA NAS DUAS FACES (VERIFICAR COR COM A FISCALIZAÇÃO), NUCLEO EM EPS, DE 30 MM. ÁREA PREVE TRANSPASSE E INCLINAÇÃO DE PROJETO. FIXAÇÃO COM PARAFUSO PARA TELHA TERMOACÚSTICA | C52: M2 | D52: 82.5 | E52: 183.3405 | F52: 23.54 | G52: 226.5 | I52: =ROUND('BDI Principal'!D14,2) -> 23.54 | J52: =ROUND((ROUND(H52,2)*I52/100)+ROUND(H52,2),2) -> 0 | L52: =J52-K52 -> 0 | M52: =ROUND(K52*D52,2) -> 0 | N52: =O52-M52 -> 0 | O52: =ROUND(D52*J52,2) -> 0 | P52: Item
A53: 3.1.3 | B53: CALHA EM CHAPA DE AÇO GALVANIZADO NÚMERO 24, DESENVOLVIMENTO DE 50 CM, INCLUSO TRANSPORTE VERTICAL. AF_07/2019 | C53: M | D53: 16 | E53: 78.9165 | F53: 23.54 | G53: 97.5 | I53: =ROUND('BDI Principal'!D14,2) -> 23.54 | J53: =ROUND((ROUND(H53,2)*I53/100)+ROUND(H53,2),2) -> 0 | L53: =J53-K53 -> 0 | M53: =ROUND(K53*D53,2) -> 0 | N53: =O53-M53 -> 0 | O53: =ROUND(D53*J53,2) -> 0 | P53: Item
A54: 3.1.4 | B54: CHAPIM (RUFO CAPA) EM AÇO GALVANIZADO, CORTE 33. AF_11/2020 | C54: M | D54: 45.3 | E54: 39.634 | F54: 23.54 | G54: 48.96 | I54: =ROUND('BDI Principal'!D14,2) -> 23.54 | J54: =ROUND((ROUND(H54,2)*I54/100)+ROUND(H54,2),2) -> 0 | L54: =J54-K54 -> 0 | M54: =ROUND(K54*D54,2) -> 0 | N54: =O54-M54 -> 0 | O54: =ROUND(D54*J54,2) -> 0 | P54: Item
A55: 3.1.5 | B55: RUFO EXTERNO/INTERNO EM CHAPA DE AÇO GALVANIZADO NÚMERO 26, CORTE DE 33 CM, INCLUSO IÇAMENTO. AF_07/2019 | C55: M | D55: 29.3 | E55: 52.0315 | F55: 23.54 | G55: 64.28 | I55: =ROUND('BDI Principal'!D14,2) -> 23.54 | J55: =ROUND((ROUND(H55,2)*I55/100)+ROUND(H55,2),2) -> 0 | L55: =J55-K55 -> 0 | M55: =ROUND(K55*D55,2) -> 0 | N55: =O55-M55 -> 0 | O55: =ROUND(D55*J55,2) -> 0 | P55: Item
A56: 3.1.6 | B56: FECHAMENTO DE PLATIBANDA, COM TELHA DE AÇO/ALUMÍNIO TP 25, E = 0,5 MM, INCLUSO INSTALAÇÃO E IÇAMENTO | C56: M2 | D56: 30.7 | E56: 65.4265 | F56: 23.54 | G56: 80.83 | I56: =ROUND('BDI Principal'!D14,2) -> 23.54 | J56: =ROUND((ROUND(H56,2)*I56/100)+ROUND(H56,2),2) -> 0 | L56: =J56-K56 -> 0 | M56: =ROUND(K56*D56,2) -> 0 | N56: =O56-M56 -> 0 | O56: =ROUND(D56*J56,2) -> 0 | P56: Item
A57: 3.1.7 | B57: PINTURA COM TINTA EPOXÍDICA DE ACABAMENTO PULVERIZADA EM TELHAS PARA PLATIBANDA EXECUTADA EM FÁBRICA, NAS DUAS FACES DA TELHA | C57: M2 | D57: 61.4 | E57: 21.7265 | F57: 23.54 | G57: 26.85 | I57: =ROUND('BDI Principal'!D14,2) -> 23.54 | J57: =ROUND((ROUND(H57,2)*I57/100)+ROUND(H57,2),2) -> 0 | L57: =J57-K57 -> 0 | M57: =ROUND(K57*D57,2) -> 0 | N57: =O57-M57 -> 0 | O57: =ROUND(D57*J57,2) -> 0 | P57: Item
A58: 3.1.8 | B58: SERVIÇO DE INSTALAÇÃO DE TUBOS DE PVC, SÉRIE R, ÁGUA PLUVIAL, DN 100 MM (INSTALADO EM RAMAL DE ENCAMINHAMENTO, OU CONDUTORES VERTICAIS), INCLUSIVE CONEXÕES, CORTES E FIXAÇÕES, PARA PRÉDIOS. AF_10/2015 | C58: M | D58: 10 | E58: 61.9875 | F58: 23.54 | G58: 76.58 | I58: =ROUND('BDI Principal'!D14,2) -> 23.54 | J58: =ROUND((ROUND(H58,2)*I58/100)+ROUND(H58,2),2) -> 0 | L58: =J58-K58 -> 0 | M58: =ROUND(K58*D58,2) -> 0 | N58: =O58-M58 -> 0 | O58: =ROUND(D58*J58,2) -> 0 | P58: Item
A59: 3.2 | B59: REFORMA PISO CALÇADA | M59: =SUM(M60:M65) -> 0 | N59: =SUM(N60:N65) -> 0 | O59: =SUM(O60:O65) -> 0 | P59: Etapa
A60: 3.2.1 | B60: EXECUÇÃO DE PASSEIO (CALÇADA) OU PISO DE CONCRETO COM CONCRETO MOLDADO IN LOCO, FEITO EM OBRA, ACABAMENTO CONVENCIONAL, ESPESSURA 8 CM, ARMADO. AF_08/2022 | C60: M2 | D60: 12.72 | E60: 102.4195 | F60: 23.54 | G60: 126.53 | I60: =ROUND('BDI Principal'!D14,2) -> 23.54 | J60: =ROUND((ROUND(H60,2)*I60/100)+ROUND(H60,2),2) -> 0 | L60: =J60-K60 -> 0 | M60: =ROUND(K60*D60,2) -> 0 | N60: =O60-M60 -> 0 | O60: =ROUND(D60*J60,2) -> 0 | P60: Item
A61: 3.2.2 | B61: ACABAMENTO POLIDO PARA PISO DE CONCRETO ARMADO | C61: M2 | D61: 12.72 | E61: 9.063 | F61: 23.54 | G61: 11.19 | I61: =ROUND('BDI Principal'!D14,2) -> 23.54 | J61: =ROUND((ROUND(H61,2)*I61/100)+ROUND(H61,2),2) -> 0 | L61: =J61-K61 -> 0 | M61: =ROUND(K61*D61,2) -> 0 | N61: =O61-M61 -> 0 | O61: =ROUND(D61*J61,2) -> 0 | P61: Item
A62: 3.2.3 | B62: PINTURA DE PISO COM TINTA PU (POLIURETANO), BICOMPONENTE, 02 DEMÃOS, INCLUSO PRIMER | C62: M2 | D62: 166.56 | E62: 46.3695 | F62: 23.54 | G62: 57.29 | I62: =ROUND('BDI Principal'!D14,2) -> 23.54 | J62: =ROUND((ROUND(H62,2)*I62/100)+ROUND(H62,2),2) -> 0 | L62: =J62-K62 -> 0 | M62: =ROUND(K62*D62,2) -> 0 | N62: =O62-M62 -> 0 | O62: =ROUND(D62*J62,2) -> 0 | P62: Item
A63: 3.2.4 | B63: ADITIVO ANTIDERRAPANTE A BASE DE AGREGADO MINERAL, DESTINADO À MISTURA COM TINTAS POLIURETANAS PU OU EPÓXI, COM ALTA RESISTÊNCIA. | C63: M2 | D63: 166.56 | E63: 6.555 | F63: 23.54 | G63: 8.1 | I63: =ROUND('BDI Principal'!D14,2) -> 23.54 | J63: =ROUND((ROUND(H63,2)*I63/100)+ROUND(H63,2),2) -> 0 | L63: =J63-K63 -> 0 | M63: =ROUND(K63*D63,2) -> 0 | N63: =O63-M63 -> 0 | O63: =ROUND(D63*J63,2) -> 0 | P63: Item
A64: 3.2.5 | B64: REMOÇÃO GRADE DE CALHA DE PISO | C64: M | D64: 38 | E64: 6.02 | F64: 23.54 | G64: 7.44 | I64: =ROUND('BDI Principal'!D14,2) -> 23.54 | J64: =ROUND((ROUND(H64,2)*I64/100)+ROUND(H64,2),2) -> 0 | L64: =J64-K64 -> 0 | M64: =ROUND(K64*D64,2) -> 0 | N64: =O64-M64 -> 0 | O64: =ROUND(D64*J64,2) -> 0 | P64: Item
A65: 3.2.6 | B65: SEIXO ROLADO PARA PREENCHIMENTO DE CALHA DE PISO EXISTENTE - VERIFICAR COM FISCALIZAÇÃO | C65: M3 | D65: 2.28 | E65: 349.486 | F65: 23.54 | G65: 431.76 | I65: =ROUND('BDI Principal'!D14,2) -> 23.54 | J65: =ROUND((ROUND(H65,2)*I65/100)+ROUND(H65,2),2) -> 0 | L65: =J65-K65 -> 0 | M65: =ROUND(K65*D65,2) -> 0 | N65: =O65-M65 -> 0 | O65: =ROUND(D65*J65,2) -> 0 | P65: Item
A66: 3.3 | B66: PINTURA FRONTAL PARA REPAROS | M66: =SUM(M67:M69) -> 0 | N66: =SUM(N67:N69) -> 0 | O66: =SUM(O67:O69) -> 0 | P66: Etapa
A67: 3.3.1 | B67: APLICAÇÃO MANUAL DE MASSA ACRÍLICA EM PANOS DE FACHADA PARA CORREÇÕES DE FUROS E IMPERFEIÇÕES | C67: M2 | D67: 11.85 | E67: 20.672 | F67: 23.54 | G67: 25.54 | I67: =ROUND('BDI Principal'!D14,2) -> 23.54 | J67: =ROUND((ROUND(H67,2)*I67/100)+ROUND(H67,2),2) -> 0 | L67: =J67-K67 -> 0 | M67: =ROUND(K67*D67,2) -> 0 | N67: =O67-M67 -> 0 | O67: =ROUND(D67*J67,2) -> 0 | P67: Item
A68: 3.3.2 | B68: FUNDO SELADOR ACRÍLICO, APLICAÇÃO MANUAL EM PAREDE, UMA DEMÃO. AF_04/2023 | C68: M2 | D68: 118.5 | E68: 4.18 | F68: 23.54 | G68: 5.16 | I68: =ROUND('BDI Principal'!D14,2) -> 23.54 | J68: =ROUND((ROUND(H68,2)*I68/100)+ROUND(H68,2),2) -> 0 | L68: =J68-K68 -> 0 | M68: =ROUND(K68*D68,2) -> 0 | N68: =O68-M68 -> 0 | O68: =ROUND(D68*J68,2) -> 0 | P68: Item
A69: 3.3.3 | B69: PINTURA LÁTEX ACRÍLICA STANDARD, APLICAÇÃO MANUAL EM PAREDES, DUAS DEMÃOS. AF_04/2023 | C69: M2 | D69: 118.5 | E69: 11.2385 | F69: 23.54 | G69: 13.89 | I69: =ROUND('BDI Principal'!D14,2) -> 23.54 | J69: =ROUND((ROUND(H69,2)*I69/100)+ROUND(H69,2),2) -> 0 | L69: =J69-K69 -> 0 | M69: =ROUND(K69*D69,2) -> 0 | N69: =O69-M69 -> 0 | O69: =ROUND(D69*J69,2) -> 0 | P69: Item
A70: 4 | B70: AMPLIAÇÃO SALAS E ACESSO- MODULAR | O70: =O71+O79+O83+O88+O91+O95+O101+O108+O145 -> 0 | P70: Etapa
A71: 4.1 | B71: ESTRUTURA | M71: =SUM(M72:M78) -> 0 | N71: =SUM(N72:N78) -> 0 | O71: =SUM(O72:O78) -> 0 | P71: Etapa
A72: 4.1.1 | B72: DEMOLIÇÃO DE PISO EXISTENTE PARA EXECUÇÃO DE FUNDAÇÃO/RADIER, DE FORMA MECANIZADA COM MARTELETE | C72: M3 | D72: 19.99 | E72: 117.705 | F72: 23.54 | G72: 145.42 | I72: =ROUND('BDI Principal'!D14,2) -> 23.54 | J72: =ROUND((ROUND(H72,2)*I72/100)+ROUND(H72,2),2) -> 0 | L72: =J72-K72 -> 0 | M72: =ROUND(K72*D72,2) -> 0 | N72: =O72-M72 -> 0 | O72: =ROUND(D72*J72,2) -> 0 | P72: Item
A73: 4.1.2 | B73: CARGA, MANOBRA E DESCARGA DE ENTULHO EM CAMINHÃO BASCULANTE 6 M³ | C73: M3 | D73: 19.99 | E73: 9.9845 | F73: 23.54 | G73: 12.33 | I73: =ROUND('BDI Principal'!D14,2) -> 23.54 | J73: =ROUND((ROUND(H73,2)*I73/100)+ROUND(H73,2),2) -> 0 | L73: =J73-K73 -> 0 | M73: =ROUND(K73*D73,2) -> 0 | N73: =O73-M73 -> 0 | O73: =ROUND(D73*J73,2) -> 0 | P73: Item
A74: 4.1.3 | B74: TRANSPORTE COM CAMINHÃO BASCULANTE DE 6 M³ | C74: M3XKM | D74: 199.9 | E74: 3.0685 | F74: 23.54 | G74: 3.79 | I74: =ROUND('BDI Principal'!D14,2) -> 23.54 | J74: =ROUND((ROUND(H74,2)*I74/100)+ROUND(H74,2),2) -> 0 | L74: =J74-K74 -> 0 | M74: =ROUND(K74*D74,2) -> 0 | N74: =O74-M74 -> 0 | O74: =ROUND(D74*J74,2) -> 0 | P74: Item
A75: 4.1.4 | B75: LOCAÇÃO CONVENCIONAL DE OBRA, UTILIZANDO GABARITO DE TÁBUAS CORRIDAS PONTALETADAS A CADA 2,00M | C75: M | D75: 74 | E75: 29.115 | F75: 23.54 | G75: 35.97 | I75: =ROUND('BDI Principal'!D14,2) -> 23.54 | J75: =ROUND((ROUND(H75,2)*I75/100)+ROUND(H75,2),2) -> 0 | L75: =J75-K75 -> 0 | M75: =ROUND(K75*D75,2) -> 0 | N75: =O75-M75 -> 0 | O75: =ROUND(D75*J75,2) -> 0 | P75: Item
A76: 4.1.5 | B76: EXECUÇÃO DE RADIER, ESPESSURA DE 15 CM, FCK = 30 MPA, COM USO DE FORMAS EM MADEIRA SERRADA, INCLUSO ARMADURA | C76: M2 | D76: 199.9 | E76: 222.165 | F76: 23.54 | G76: 274.47 | I76: =ROUND('BDI Principal'!D14,2) -> 23.54 | J76: =ROUND((ROUND(H76,2)*I76/100)+ROUND(H76,2),2) -> 0 | L76: =J76-K76 -> 0 | M76: =ROUND(K76*D76,2) -> 0 | N76: =O76-M76 -> 0 | O76: =ROUND(D76*J76,2) -> 0 | P76: Item
A77: 4.1.6 | B77: ESTRUTURA COMPLETA DE EDIFICAÇÃO EM AÇO ESTRUTURAL, COMPREENDENDO PILARES, VIGAS, APOIOS PARA LAJE E ESTRUTURA COMPLETA DE COBERTURA, INCLUINDO TODAS AS CONEXÕES METÁLICAS NECESSÁRIAS, PINTURA, MÃO DE OBRA, TRANSPORTE E IÇAMENTO COM UTILIZAÇÃO DE GUINDASTE, FORNECIMENTO E INSTALAÇÃO - CONFORME PROJETO PRÉ-DIMENSIONADO POR ENG. MECÂNICO | C77: KG | D77: 22382.56 | E77: 18.0025 | F77: 23.54 | G77: 22.24 | I77: =ROUND('BDI Principal'!D14,2) -> 23.54 | J77: =ROUND((ROUND(H77,2)*I77/100)+ROUND(H77,2),2) -> 0 | L77: =J77-K77 -> 0 | M77: =ROUND(K77*D77,2) -> 0 | N77: =O77-M77 -> 0 | O77: =ROUND(D77*J77,2) -> 0 | P77: Item
A78: 4.1.7 | B78: LAJE PRÉ-FABRICADA STEEL DECK, COM CHAPA METÁLICA EM AÇO GALVANIZADO, INCLUSO ARMADURA E CAPA DE CONCRETO | C78: M2 | D78: 206.75 | E78: 233.263 | F78: 23.54 | G78: 288.17 | I78: =ROUND('BDI Principal'!D14,2) -> 23.54 | J78: =ROUND((ROUND(H78,2)*I78/100)+ROUND(H78,2),2) -> 0 | L78: =J78-K78 -> 0 | M78: =ROUND(K78*D78,2) -> 0 | N78: =O78-M78 -> 0 | O78: =ROUND(D78*J78,2) -> 0 | P78: Item
A79: 4.2 | B79: PLATAFORMA | M79: =SUM(M80:M82) -> 0 | N79: =SUM(N80:N82) -> 0 | O79: =SUM(O80:O82) -> 0 | P79: Etapa
A80: 4.2.1 | B80: PLATAFORMA ELEVATÓRIA PNE HIDRÁULICA, COMPLETA, ATENDENDO AS NORMAS TÉCNICAS E ACESSIBILIDADE, COM DUAS PARADAS, DESNÍVEL DE ATÉ 4,00M, COM CABINE METÁLICA, PORTAS AUTOMÁTICAS, SISTEMA DE SEGURANÇA, BOTOEIRAS DE COMANDO, QUADRO ELÉTRICO E TODOS OS COMPONENTES NECESSÁRIOS PARA INSTALAÇÃO E FUNCIONAMENTO - FORNECIMENTO E INSTALAÇÃO | C80: UN | D80: 1 | E80: 67752.22 | F80: 14.45 | G80: 77542.42 | I80: ='BDI Especifico'!D14 -> 14.45 | J80: =ROUND((ROUND(H80,2)*I80/100)+ROUND(H80,2),2) -> 0 | L80: =J80-K80 -> 0 | M80: =ROUND(K80*D80,2) -> 0 | N80: =O80-M80 -> 0 | O80: =ROUND(D80*J80,2) -> 0 | P80: Item
A81: 4.2.2 | B81: PORTÃO DE ABRIR EM VIDRO TEMPERADO 10MM COM FERRAGENS DE INOX - FORNECIMENTO E INTALAÇÃO | C81: M2 | D81: 2.2 | E81: 634.0775 | F81: 23.54 | G81: 783.34 | I81: =ROUND('BDI Principal'!D14,2) -> 23.54 | J81: =ROUND((ROUND(H81,2)*I81/100)+ROUND(H81,2),2) -> 0 | L81: =J81-K81 -> 0 | M81: =ROUND(K81*D81,2) -> 0 | N81: =O81-M81 -> 0 | O81: =ROUND(D81*J81,2) -> 0 | P81: Item
A82: 4.2.3 | B82: GUARDA CORPO COM VIDRO TEMPERADO 10MM FIXO EM TORRES DE INOX 40CMM, COM PERFIL DE SUSTENTAÇÃO SUPERIOR EM INOX, ALTURA 1,20M, NOS DOIS ANDARES - FORNECIMENTO E INSTALAÇÃO | C82: M | D82: 5.2 | E82: 910.75 | F82: 23.54 | G82: 1125.14 | I82: =ROUND('BDI Principal'!D14,2) -> 23.54 | J82: =ROUND((ROUND(H82,2)*I82/100)+ROUND(H82,2),2) -> 0 | L82: =J82-K82 -> 0 | M82: =ROUND(K82*D82,2) -> 0 | N82: =O82-M82 -> 0 | O82: =ROUND(D82*J82,2) -> 0 | P82: Item
A83: 4.3 | B83: TELHAMENTO E INSTALAÇÕES PLUVIAIS | M83: =SUM(M84:M87) -> 0 | N83: =SUM(N84:N87) -> 0 | O83: =SUM(O84:O87) -> 0 | P83: Etapa
A84: 4.3.1 | B84: TELHAMENTO COM TELHA TERMOISOLANTE REVESTIDA EM ACO GALVANIZADO, FACE SUPERIOR EM TELHA TIPO TP 35 OU SIMILAR, E FACE INFERIOR EM CHAPA PLANA, REVESTIMENTO COM ESPESSURA DE 0,50 MM COM PINTURA NAS DUAS FACES (VERIFICAR COR COM A FISCALIZAÇÃO), NUCLEO EM EPS, DE 30 MM. ÁREA PREVE TRANSPASSE E INCLINAÇÃO DE PROJETO. FIXAÇÃO COM PARAFUSO PARA TELHA TERMOACÚSTICA | C84: M2 | D84: 235 | E84: 183.3405 | F84: 23.54 | G84: 226.5 | I84: =ROUND('BDI Principal'!D14,2) -> 23.54 | J84: =ROUND((ROUND(H84,2)*I84/100)+ROUND(H84,2),2) -> 0 | L84: =J84-K84 -> 0 | M84: =ROUND(K84*D84,2) -> 0 | N84: =O84-M84 -> 0 | O84: =ROUND(D84*J84,2) -> 0 | P84: Item
A85: 4.3.2 | B85: CUMEEIRA TERMOACÚSTICA NA MESMA COR DO TELHAMENTO, COM PERFEITO ENCAIXE- FORNECIMENTO E INSTALAÇÃO | C85: M | D85: 7 | E85: 73.8435 | F85: 23.54 | G85: 91.22 | I85: =ROUND('BDI Principal'!D14,2) -> 23.54 | J85: =ROUND((ROUND(H85,2)*I85/100)+ROUND(H85,2),2) -> 0 | L85: =J85-K85 -> 0 | M85: =ROUND(K85*D85,2) -> 0 | N85: =O85-M85 -> 0 | O85: =ROUND(D85*J85,2) -> 0 | P85: Item
A86: 4.3.3 | B86: CALHA EM CHAPA DE AÇO GALVANIZADO NÚMERO 24, DESENVOLVIMENTO DE 50 CM, INCLUSO TRANSPORTE VERTICAL | C86: M | D86: 62.8 | E86: 78.9165 | F86: 23.54 | G86: 97.5 | I86: =ROUND('BDI Principal'!D14,2) -> 23.54 | J86: =ROUND((ROUND(H86,2)*I86/100)+ROUND(H86,2),2) -> 0 | L86: =J86-K86 -> 0 | M86: =ROUND(K86*D86,2) -> 0 | N86: =O86-M86 -> 0 | O86: =ROUND(D86*J86,2) -> 0 | P86: Item
A87: 4.3.4 | B87: SERVIÇO DE INSTALAÇÃO DE TUBOS DE PVC, SÉRIE R, ÁGUA PLUVIAL, DN 75 MM (INSTALADO EM RAMAL DE ENCAMINHAMENTO, OU CONDUTORES VERTICAIS), INCLUSIVE CONEXÕES, CORTES E FIXAÇÕES, PARA PRÉDIOS. AF_10/2015 | C87: M | D87: 69 | E87: 40.6695 | F87: 23.54 | G87: 50.24 | I87: =ROUND('BDI Principal'!D14,2) -> 23.54 | J87: =ROUND((ROUND(H87,2)*I87/100)+ROUND(H87,2),2) -> 0 | L87: =J87-K87 -> 0 | M87: =ROUND(K87*D87,2) -> 0 | N87: =O87-M87 -> 0 | O87: =ROUND(D87*J87,2) -> 0 | P87: Item
A88: 4.4 | B88: FORRO | M88: =SUM(M89:M90) -> 0 | N88: =SUM(N89:N90) -> 0 | O88: =SUM(O89:O90) -> 0 | P88: Etapa
A89: 4.4.1 | B89: FORRO EM RÉGUAS DE PVC, LISO, ESPESSURA= 10MM, ANTICHAMAS COM LAUDO PARA BOMBEIROS, INCLUSIVE ESTRUTURA BIDIRECIONAL DE FIXAÇÃO | C89: M2 | D89: 380.12 | E89: 74.784 | F89: 23.54 | G89: 92.38 | I89: =ROUND('BDI Principal'!D14,2) -> 23.54 | J89: =ROUND((ROUND(H89,2)*I89/100)+ROUND(H89,2),2) -> 0 | L89: =J89-K89 -> 0 | M89: =ROUND(K89*D89,2) -> 0 | N89: =O89-M89 -> 0 | O89: =ROUND(D89*J89,2) -> 0 | P89: Item
A90: 4.4.2 | B90: ACABAMENTOS PARA FORRO (RODA-FORRO) EM PVC INCLUSO INSTALAÇÃO E CONEXÕES | C90: M | D90: 347.53 | E90: 7.8945 | F90: 23.54 | G90: 9.75 | I90: =ROUND('BDI Principal'!D14,2) -> 23.54 | J90: =ROUND((ROUND(H90,2)*I90/100)+ROUND(H90,2),2) -> 0 | L90: =J90-K90 -> 0 | M90: =ROUND(K90*D90,2) -> 0 | N90: =O90-M90 -> 0 | O90: =ROUND(D90*J90,2) -> 0 | P90: Item
A91: 4.5 | B91: FECHAMENTO | M91: =SUM(M92:M94) -> 0 | N91: =SUM(N92:N94) -> 0 | O91: =SUM(O92:O94) -> 0 | P91: Etapa
A92: 4.5.1 | B92: FECHAMENTO VERTICAL COM PAINEL TERMOISOLANTE REVESTIDO COM AÇO GALVUME (ESPESSURA DE 0,50MM), COM PINTURA NAS DUAS FACES, NUCLEO EM POLIURETANO (PUR) COM ESPESSURA DE NO MÍNIMO 70MM - INCLUSO INSTALAÇÃO | C92: M2 | D92: 726.51 | E92: 310.4315 | F92: 23.54 | G92: 383.51 | I92: =ROUND('BDI Principal'!D14,2) -> 23.54 | J92: =ROUND((ROUND(H92,2)*I92/100)+ROUND(H92,2),2) -> 0 | L92: =J92-K92 -> 0 | M92: =ROUND(K92*D92,2) -> 0 | N92: =O92-M92 -> 0 | O92: =ROUND(D92*J92,2) -> 0 | P92: Item
A93: 4.5.2 | B93: PAREDE RECEPÇÃO FIXA EM VIDRO TEMPERADO 10 MM- INCLUSIVE INSTALAÇÃO | C93: M2 | D93: 8.44 | E93: 392.73 | F93: 23.54 | G93: 485.18 | I93: =ROUND('BDI Principal'!D14,2) -> 23.54 | J93: =ROUND((ROUND(H93,2)*I93/100)+ROUND(H93,2),2) -> 0 | L93: =J93-K93 -> 0 | M93: =ROUND(K93*D93,2) -> 0 | N93: =O93-M93 -> 0 | O93: =ROUND(D93*J93,2) -> 0 | P93: Item
A94: 4.5.3 | B94: PELÍCULA DE PROTEÇÃO APLICADA EM JANELAS, DESTINADA AO AUMENTO DA SEGURANÇA E À PREVENÇÃO DA DISPERSÃO DE ESTILHAÇOS EM CASO DE QUEBRA. | C94: M2 | D94: 8.44 | E94: 39.51 | F94: 23.54 | G94: 48.81 | I94: =ROUND('BDI Principal'!D14,2) -> 23.54 | J94: =ROUND((ROUND(H94,2)*I94/100)+ROUND(H94,2),2) -> 0 | L94: =J94-K94 -> 0 | M94: =ROUND(K94*D94,2) -> 0 | N94: =O94-M94 -> 0 | O94: =ROUND(D94*J94,2) -> 0 | P94: Item
A95: 4.6 | B95: REVESTIMENTO DE PISO | M95: =SUM(M96:M100) -> 0 | N95: =SUM(N96:N100) -> 0 | O95: =SUM(O96:O100) -> 0 | P95: Etapa
A96: 4.6.1 | B96: CONTRAPISO EM ARGAMASSA TRAÇO 1:4 (CIMENTO E AREIA), APLICADO EM ÁREAS SECAS SOBRE LAJE, ADERIDO, ACABAMENTO NÃO REFORÇADO, ESPESSURA 2CM | C96: M2 | D96: 147.37 | E96: 40.5745 | F96: 23.54 | G96: 50.12 | I96: =ROUND('BDI Principal'!D14,2) -> 23.54 | J96: =ROUND((ROUND(H96,2)*I96/100)+ROUND(H96,2),2) -> 0 | L96: =J96-K96 -> 0 | M96: =ROUND(K96*D96,2) -> 0 | N96: =O96-M96 -> 0 | O96: =ROUND(D96*J96,2) -> 0 | P96: Item
A97: 4.6.2 | B97: REVESTIMENTO CERÂMICO PARA PISO COM PLACAS TIPO PORCELANATO DE DIMENSÕES 80X80 CM- VERIFICAR COR DE PEÇA E REJUNTE COM FISCALIZAÇÃO | C97: M2 | D97: 147.37 | E97: 101.859 | F97: 23.54 | G97: 125.84 | I97: =ROUND('BDI Principal'!D14,2) -> 23.54 | J97: =ROUND((ROUND(H97,2)*I97/100)+ROUND(H97,2),2) -> 0 | L97: =J97-K97 -> 0 | M97: =ROUND(K97*D97,2) -> 0 | N97: =O97-M97 -> 0 | O97: =ROUND(D97*J97,2) -> 0 | P97: Item
A98: 4.6.3 | B98: CONTRAPISO COM ARGAMASSA AUTONIVELANTE, COM PERFEITO ACABAMENTO PARA INSTALAÇÃO DE PISO VINÍLICO, ADERIDO, ESPESSURA 2CM | C98: M2 | D98: 232.75 | E98: 24.605 | F98: 23.54 | G98: 30.4 | I98: =ROUND('BDI Principal'!D14,2) -> 23.54 | J98: =ROUND((ROUND(H98,2)*I98/100)+ROUND(H98,2),2) -> 0 | L98: =J98-K98 -> 0 | M98: =ROUND(K98*D98,2) -> 0 | N98: =O98-M98 -> 0 | O98: =ROUND(D98*J98,2) -> 0 | P98: Item
A99: 4.6.4 | B99: PISO VINÍLICO EM MANTA/ROLO, PADRÃO LISO, ESPESSURA 3,0MM - FIXADO COM COLA. | C99: M2 | D99: 232.75 | E99: 168.796 | F99: 23.54 | G99: 208.54 | I99: =ROUND('BDI Principal'!D14,2) -> 23.54 | J99: =ROUND((ROUND(H99,2)*I99/100)+ROUND(H99,2),2) -> 0 | L99: =J99-K99 -> 0 | M99: =ROUND(K99*D99,2) -> 0 | N99: =O99-M99 -> 0 | O99: =ROUND(D99*J99,2) -> 0 | P99: Item
A100: 4.6.5 | B100: RODAPÉ EM POLIESTIRENO, ALTURA 5 CM. AF_09/2020 | C100: M | D100: 327.53 | E100: 40.72 | F100: 23.54 | G100: 50.31 | I100: =ROUND('BDI Principal'!D14,2) -> 23.54 | J100: =ROUND((ROUND(H100,2)*I100/100)+ROUND(H100,2),2) -> 0 | L100: =J100-K100 -> 0 | M100: =ROUND(K100*D100,2) -> 0 | N100: =O100-M100 -> 0 | O100: =ROUND(D100*J100,2) -> 0 | P100: Item
A101: 4.7 | B101: ESQUADRIAS | M101: =SUM(M102:M107) -> 0 | N101: =SUM(N102:N107) -> 0 | O101: =SUM(O102:O107) -> 0 | P101: Etapa
...

Sheet Cronograma
A1: Prefeitura Municipal de Ibicaré - SC
A2: Orcamento de obra - AMPLIAÇÃO CRECHE MUNICIPAL MADRE LEONTINA
A3: Data: | B3: =DADOS!C3 -> 05/03/2026
A4: Empresa: | B4: =DADOS!C7 -> 0 | G4: Telefone: | H4: =DADOS!C9
A5: CNPJ: | B5: =DADOS!C8 | D5: Cidade: | E5: =DADOS!C13 -> 0 | H5: UF: | I5: =DADOS!C14 -> 0
A7: Item | B7: Etapa | C7: Total R$ | D7: % Mês 1 | E7: R$ Mês 1 | F7: % Mês 2 | G7: R$ Mês 2 | H7: % Mês 3 | I7: R$ Mês 3 | J7: % Mês 4 | K7: R$ Mês 4 | L7: % Mês 5 | M7: R$ Mês 5 | N7: % Mês 6 | O7: R$ Mês 6 | P7: % Mês 7 | Q7: R$ Mês 7 | R7: % Mês 8 | S7: R$ Mês 8 | T7: % Mês 9 | U7: R$ Mês 9 | V7: % Mês 10 | W7: R$ Mês 10 | X7: % Mês 11 | Y7: R$ Mês 11 | Z7: % Mês 12 | AA7: R$ Mês 12 | AB7: % Mês 13 | AC7: R$ Mês 13 | AD7: % Mês 14 | AE7: R$ Mês 14 | AF7: % Mês 15 | AG7: R$ Mês 15 | AH7: % Mês 16 | AI7: R$ Mês 16 | AJ7: % Mês 17 | AK7: R$ Mês 17 | AL7: % Mês 18 | AM7: R$ Mês 18 | AN7: % Mês 19 | AO7: R$ Mês 19 | AP7: % Mês 20 | AQ7: R$ Mês 20 | AR7: % Mês 21 | AS7: R$ Mês 21 | AT7: % Mês 22 | AU7: R$ Mês 22 | AV7: % Mês 23 | AW7: R$ Mês 23 | AX7: % Mês 24 | AY7: R$ Mês 24 | AZ7: % Mês 25 | BA7: R$ Mês 25 | BB7: % Mês 26 | BC7: R$ Mês 26 | BD7: % Mês 27 | BE7: R$ Mês 27 | BF7: % Mês 28 | BG7: R$ Mês 28 | BH7: % Mês 29 | BI7: R$ Mês 29 | BJ7: % Mês 30 | BK7: R$ Mês 30 | BL7: % Mês 31 | BM7: R$ Mês 31 | BN7: % Mês 32 | BO7: R$ Mês 32 | BP7: % Mês 33 | BQ7: R$ Mês 33 | BR7: % Mês 34 | BS7: R$ Mês 34 | BT7: % Mês 35 | BU7: R$ Mês 35 | BV7: % Mês 36 | BW7: R$ Mês 36 | BX7: % Mês 37 | BY7: R$ Mês 37 | BZ7: % Mês 38 | CA7: R$ Mês 38 | CB7: % Mês 39 | CC7: R$ Mês 39 | CD7: % Mês 40 | CE7: R$ Mês 40 | CF7: % Mês 41 | CG7: R$ Mês 41 | CH7: % Mês 42 | CI7: R$ Mês 42 | CJ7: % Mês 43 | CK7: R$ Mês 43 | CL7: % Mês 44 | CM7: R$ Mês 44 | CN7: % Mês 45 | CO7: R$ Mês 45 | CP7: % Mês 46 | CQ7: R$ Mês 46 | CR7: % Mês 47 | CS7: R$ Mês 47 | CT7: % Mês 48 | CU7: R$ Mês 48 | CV7: % Mês 49 | CW7: R$ Mês 49 | CX7: % Mês 50 | CY7: R$ Mês 50 | CZ7: % Mês 51 | DA7: R$ Mês 51 | DB7: % Mês 52 | DC7: R$ Mês 52 | DD7: % Mês 53 | DE7: R$ Mês 53 | DF7: % Mês 54 | DG7: R$ Mês 54 | DH7: % Mês 55 | DI7: R$ Mês 55 | DJ7: % Mês 56 | DK7: R$ Mês 56 | DL7: % Mês 57 | DM7: R$ Mês 57 | DN7: % Mês 58 | DO7: R$ Mês 58 | DP7: % Mês 59 | DQ7: R$ Mês 59 | DR7: % Mês 60 | DS7: R$ Mês 60 | DT7: % Total | DU7: R$ Total
A8: 1 | B8: SERVIÇOS INICIAIS | C8: =Orçamento!O8 -> 0 | D8: 100 | E8: =C8*D8/100 -> 0 | F8: 0 | G8: =C8*F8/100 -> 0 | H8: 0 | I8: =C8*H8/100 -> 0 | J8: 0 | K8: =C8*J8/100 -> 0 | L8: 0 | M8: =C8*L8/100 -> 0 | N8: 0 | O8: =C8*N8/100 -> 0 | P8: 0 | Q8: =C8*P8/100 -> 0 | R8: 0 | S8: =C8*R8/100 -> 0 | T8: 0 | U8: =C8*T8/100 -> 0 | V8: 0 | W8: =C8*V8/100 -> 0 | X8: 0 | Y8: =C8*X8/100 -> 0 | Z8: 0 | AA8: =C8*Z8/100 -> 0 | AB8: 0 | AC8: =C8*AB8/100 -> 0 | AD8: 0 | AE8: =C8*AD8/100 -> 0 | AF8: 0 | AG8: =C8*AF8/100 -> 0 | AH8: 0 | AI8: =C8*AH8/100 -> 0 | AJ8: 0 | AK8: =C8*AJ8/100 -> 0 | AL8: 0 | AM8: =C8*AL8/100 -> 0 | AN8: 0 | AO8: =C8*AN8/100 -> 0 | AP8: 0 | AQ8: =C8*AP8/100 -> 0 | AR8: 0 | AS8: =C8*AR8/100 -> 0 | AT8: 0 | AU8: =C8*AT8/100 -> 0 | AV8: 0 | AW8: =C8*AV8/100 -> 0 | AX8: 0 | AY8: =C8*AX8/100 -> 0 | AZ8: 0 | BA8: =C8*AZ8/100 -> 0 | BB8: 0 | BC8: =C8*BB8/100 -> 0 | BD8: 0 | BE8: =C8*BD8/100 -> 0 | BF8: 0 | BG8: =C8*BF8/100 -> 0 | BH8: 0 | BI8: =C8*BH8/100 -> 0 | BJ8: 0 | BK8: =C8*BJ8/100 -> 0 | BL8: 0 | BM8: =C8*BL8/100 -> 0 | BN8: 0 | BO8: =C8*BN8/100 -> 0 | BP8: 0 | BQ8: =C8*BP8/100 -> 0 | BR8: 0 | BS8: =C8*BR8/100 -> 0 | BT8: 0 | BU8: =C8*BT8/100 -> 0 | BV8: 0 | BW8: =C8*BV8/100 -> 0 | BX8: 0 | BY8: =C8*BX8/100 -> 0 | BZ8: 0 | CA8: =C8*BZ8/100 -> 0 | CB8: 0 | CC8: =C8*CB8/100 -> 0 | CD8: 0 | CE8: =C8*CD8/100 -> 0 | CF8: 0 | CG8: =C8*CF8/100 -> 0 | CH8: 0 | CI8: =C8*CH8/100 -> 0 | CJ8: 0 | CK8: =C8*CJ8/100 -> 0 | CL8: 0 | CM8: =C8*CL8/100 -> 0 | CN8: 0 | CO8: =C8*CN8/100 -> 0 | CP8: 0 | CQ8: =C8*CP8/100 -> 0 | CR8: 0 | CS8: =C8*CR8/100 -> 0 | CT8: 0 | CU8: =C8*CT8/100 -> 0 | CV8: 0 | CW8: =C8*CV8/100 -> 0 | CX8: 0 | CY8: =C8*CX8/100 -> 0 | CZ8: 0 | DA8: =C8*CZ8/100 -> 0 | DB8: 0 | DC8: =C8*DB8/100 -> 0 | DD8: 0 | DE8: =C8*DD8/100 -> 0 | DF8: 0 | DG8: =C8*DF8/100 -> 0 | DH8: 0 | DI8: =C8*DH8/100 -> 0 | DJ8: 0 | DK8: =C8*DJ8/100 -> 0 | DL8: 0 | DM8: =C8*DL8/100 -> 0 | DN8: 0 | DO8: =C8*DN8/100 -> 0 | DP8: 0 | DQ8: =C8*DP8/100 -> 0 | DR8: 0 | DS8: =C8*DR8/100 -> 0 | DT8: =D8+F8+H8+J8+L8+N8+P8+R8+T8+V8+X8+Z8+AB8+AD8+AF8+AH8+AJ8+AL8+AN8+AP8+AR8+AT8+AV8+AX8+AZ8+BB8+BD8+BF8+BH8+BJ8+BL8+BN8+BP8+BR8+BT8+BV8+BX8+BZ8+CB8+CD8+CF8+CH8+CJ8+CL8+CN8+CP8+CR8+CT8+CV8+CX8+CZ8+DB8+DD8+DF8+DH8+DJ8+DL8+DN8+DP8+DR8 -> 100 | DU8: =E8+G8+I8+K8+M8+O8+Q8+S8+U8+W8+Y8+AA8+AC8+AE8+AG8+AI8+AK8+AM8+AO8+AQ8+AS8+AU8+AW8+AY8+BA8+BC8+BE8+BG8+BI8+BK8+BM8+BO8+BQ8+BS8+BU8+BW8+BY8+CA8+CC8+CE8+CG8+CI8+CK8+CM8+CO8+CQ8+CS8+CU8+CW8+CY8+DA8+DC8+DE8+DG8+DI8+DK8+DM8+DO8+DQ8+DS8 -> 0
A9: 2 | B9: RUA COBERTA | C9: =Orçamento!O16 -> 0 | D9: 0 | E9: =C9*D9/100 -> 0 | F9: 25 | G9: =C9*F9/100 -> 0 | H9: 25 | I9: =C9*H9/100 -> 0 | J9: 25 | K9: =C9*J9/100 -> 0 | L9: 25 | M9: =C9*L9/100 -> 0 | N9: 0 | O9: =C9*N9/100 -> 0 | P9: 0 | Q9: =C9*P9/100 -> 0 | R9: 0 | S9: =C9*R9/100 -> 0 | T9: 0 | U9: =C9*T9/100 -> 0 | V9: 0 | W9: =C9*V9/100 -> 0 | X9: 0 | Y9: =C9*X9/100 -> 0 | Z9: 0 | AA9: =C9*Z9/100 -> 0 | AB9: 0 | AC9: =C9*AB9/100 -> 0 | AD9: 0 | AE9: =C9*AD9/100 -> 0 | AF9: 0 | AG9: =C9*AF9/100 -> 0 | AH9: 0 | AI9: =C9*AH9/100 -> 0 | AJ9: 0 | AK9: =C9*AJ9/100 -> 0 | AL9: 0 | AM9: =C9*AL9/100 -> 0 | AN9: 0 | AO9: =C9*AN9/100 -> 0 | AP9: 0 | AQ9: =C9*AP9/100 -> 0 | AR9: 0 | AS9: =C9*AR9/100 -> 0 | AT9: 0 | AU9: =C9*AT9/100 -> 0 | AV9: 0 | AW9: =C9*AV9/100 -> 0 | AX9: 0 | AY9: =C9*AX9/100 -> 0 | AZ9: 0 | BA9: =C9*AZ9/100 -> 0 | BB9: 0 | BC9: =C9*BB9/100 -> 0 | BD9: 0 | BE9: =C9*BD9/100 -> 0 | BF9: 0 | BG9: =C9*BF9/100 -> 0 | BH9: 0 | BI9: =C9*BH9/100 -> 0 | BJ9: 0 | BK9: =C9*BJ9/100 -> 0 | BL9: 0 | BM9: =C9*BL9/100 -> 0 | BN9: 0 | BO9: =C9*BN9/100 -> 0 | BP9: 0 | BQ9: =C9*BP9/100 -> 0 | BR9: 0 | BS9: =C9*BR9/100 -> 0 | BT9: 0 | BU9: =C9*BT9/100 -> 0 | BV9: 0 | BW9: =C9*BV9/100 -> 0 | BX9: 0 | BY9: =C9*BX9/100 -> 0 | BZ9: 0 | CA9: =C9*BZ9/100 -> 0 | CB9: 0 | CC9: =C9*CB9/100 -> 0 | CD9: 0 | CE9: =C9*CD9/100 -> 0 | CF9: 0 | CG9: =C9*CF9/100 -> 0 | CH9: 0 | CI9: =C9*CH9/100 -> 0 | CJ9: 0 | CK9: =C9*CJ9/100 -> 0 | CL9: 0 | CM9: =C9*CL9/100 -> 0 | CN9: 0 | CO9: =C9*CN9/100 -> 0 | CP9: 0 | CQ9: =C9*CP9/100 -> 0 | CR9: 0 | CS9: =C9*CR9/100 -> 0 | CT9: 0 | CU9: =C9*CT9/100 -> 0 | CV9: 0 | CW9: =C9*CV9/100 -> 0 | CX9: 0 | CY9: =C9*CX9/100 -> 0 | CZ9: 0 | DA9: =C9*CZ9/100 -> 0 | DB9: 0 | DC9: =C9*DB9/100 -> 0 | DD9: 0 | DE9: =C9*DD9/100 -> 0 | DF9: 0 | DG9: =C9*DF9/100 -> 0 | DH9: 0 | DI9: =C9*DH9/100 -> 0 | DJ9: 0 | DK9: =C9*DJ9/100 -> 0 | DL9: 0 | DM9: =C9*DL9/100 -> 0 | DN9: 0 | DO9: =C9*DN9/100 -> 0 | DP9: 0 | DQ9: =C9*DP9/100 -> 0 | DR9: 0 | DS9: =C9*DR9/100 -> 0 | DT9: =D9+F9+H9+J9+L9+N9+P9+R9+T9+V9+X9+Z9+AB9+AD9+AF9+AH9+AJ9+AL9+AN9+AP9+AR9+AT9+AV9+AX9+AZ9+BB9+BD9+BF9+BH9+BJ9+BL9+BN9+BP9+BR9+BT9+BV9+BX9+BZ9+CB9+CD9+CF9+CH9+CJ9+CL9+CN9+CP9+CR9+CT9+CV9+CX9+CZ9+DB9+DD9+DF9+DH9+DJ9+DL9+DN9+DP9+DR9 -> 100 | DU9: =E9+G9+I9+K9+M9+O9+Q9+S9+U9+W9+Y9+AA9+AC9+AE9+AG9+AI9+AK9+AM9+AO9+AQ9+AS9+AU9+AW9+AY9+BA9+BC9+BE9+BG9+BI9+BK9+BM9+BO9+BQ9+BS9+BU9+BW9+BY9+CA9+CC9+CE9+CG9+CI9+CK9+CM9+CO9+CQ9+CS9+CU9+CW9+CY9+DA9+DC9+DE9+DG9+DI9+DK9+DM9+DO9+DQ9+DS9 -> 0
A10: 3 | B10: ACESSO PRINCIPAL | C10: =Orçamento!O49 -> 0 | D10: 50 | E10: =C10*D10/100 -> 0 | F10: 40 | G10: =C10*F10/100 -> 0 | H10: 0 | I10: =C10*H10/100 -> 0 | J10: 0 | K10: =C10*J10/100 -> 0 | L10: 10 | M10: =C10*L10/100 -> 0 | N10: 0 | O10: =C10*N10/100 -> 0 | P10: 0 | Q10: =C10*P10/100 -> 0 | R10: 0 | S10: =C10*R10/100 -> 0 | T10: 0 | U10: =C10*T10/100 -> 0 | V10: 0 | W10: =C10*V10/100 -> 0 | X10: 0 | Y10: =C10*X10/100 -> 0 | Z10: 0 | AA10: =C10*Z10/100 -> 0 | AB10: 0 | AC10: =C10*AB10/100 -> 0 | AD10: 0 | AE10: =C10*AD10/100 -> 0 | AF10: 0 | AG10: =C10*AF10/100 -> 0 | AH10: 0 | AI10: =C10*AH10/100 -> 0 | AJ10: 0 | AK10: =C10*AJ10/100 -> 0 | AL10: 0 | AM10: =C10*AL10/100 -> 0 | AN10: 0 | AO10: =C10*AN10/100 -> 0 | AP10: 0 | AQ10: =C10*AP10/100 -> 0 | AR10: 0 | AS10: =C10*AR10/100 -> 0 | AT10: 0 | AU10: =C10*AT10/100 -> 0 | AV10: 0 | AW10: =C10*AV10/100 -> 0 | AX10: 0 | AY10: =C10*AX10/100 -> 0 | AZ10: 0 | BA10: =C10*AZ10/100 -> 0 | BB10: 0 | BC10: =C10*BB10/100 -> 0 | BD10: 0 | BE10: =C10*BD10/100 -> 0 | BF10: 0 | BG10: =C10*BF10/100 -> 0 | BH10: 0 | BI10: =C10*BH10/100 -> 0 | BJ10: 0 | BK10: =C10*BJ10/100 -> 0 | BL10: 0 | BM10: =C10*BL10/100 -> 0 | BN10: 0 | BO10: =C10*BN10/100 -> 0 | BP10: 0 | BQ10: =C10*BP10/100 -> 0 | BR10: 0 | BS10: =C10*BR10/100 -> 0 | BT10: 0 | BU10: =C10*BT10/100 -> 0 | BV10: 0 | BW10: =C10*BV10/100 -> 0 | BX10: 0 | BY10: =C10*BX10/100 -> 0 | BZ10: 0 | CA10: =C10*BZ10/100 -> 0 | CB10: 0 | CC10: =C10*CB10/100 -> 0 | CD10: 0 | CE10: =C10*CD10/100 -> 0 | CF10: 0 | CG10: =C10*CF10/100 -> 0 | CH10: 0 | CI10: =C10*CH10/100 -> 0 | CJ10: 0 | CK10: =C10*CJ10/100 -> 0 | CL10: 0 | CM10: =C10*CL10/100 -> 0 | CN10: 0 | CO10: =C10*CN10/100 -> 0 | CP10: 0 | CQ10: =C10*CP10/100 -> 0 | CR10: 0 | CS10: =C10*CR10/100 -> 0 | CT10: 0 | CU10: =C10*CT10/100 -> 0 | CV10: 0 | CW10: =C10*CV10/100 -> 0 | CX10: 0 | CY10: =C10*CX10/100 -> 0 | CZ10: 0 | DA10: =C10*CZ10/100 -> 0 | DB10: 0 | DC10: =C10*DB10/100 -> 0 | DD10: 0 | DE10: =C10*DD10/100 -> 0 | DF10: 0 | DG10: =C10*DF10/100 -> 0 | DH10: 0 | DI10: =C10*DH10/100 -> 0 | DJ10: 0 | DK10: =C10*DJ10/100 -> 0 | DL10: 0 | DM10: =C10*DL10/100 -> 0 | DN10: 0 | DO10: =C10*DN10/100 -> 0 | DP10: 0 | DQ10: =C10*DP10/100 -> 0 | DR10: 0 | DS10: =C10*DR10/100 -> 0 | DT10: =D10+F10+H10+J10+L10+N10+P10+R10+T10+V10+X10+Z10+AB10+AD10+AF10+AH10+AJ10+AL10+AN10+AP10+AR10+AT10+AV10+AX10+AZ10+BB10+BD10+BF10+BH10+BJ10+BL10+BN10+BP10+BR10+BT10+BV10+BX10+BZ10+CB10+CD10+CF10+CH10+CJ10+CL10+CN10+CP10+CR10+CT10+CV10+CX10+CZ10+DB10+DD10+DF10+DH10+DJ10+DL10+DN10+DP10+DR10 -> 100 | DU10: =E10+G10+I10+K10+M10+O10+Q10+S10+U10+W10+Y10+AA10+AC10+AE10+AG10+AI10+AK10+AM10+AO10+AQ10+AS10+AU10+AW10+AY10+BA10+BC10+BE10+BG10+BI10+BK10+BM10+BO10+BQ10+BS10+BU10+BW10+BY10+CA10+CC10+CE10+CG10+CI10+CK10+CM10+CO10+CQ10+CS10+CU10+CW10+CY10+DA10+DC10+DE10+DG10+DI10+DK10+DM10+DO10+DQ10+DS10 -> 0
A11: 4 | B11: AMPLIAÇÃO SALAS E ACESSO- MODULAR | C11: =Orçamento!O70 -> 0 | D11: 10 | E11: =C11*D11/100 -> 0 | F11: 30 | G11: =C11*F11/100 -> 0 | H11: 40 | I11: =C11*H11/100 -> 0 | J11: 20 | K11: =C11*J11/100 -> 0 | L11: 0 | M11: =C11*L11/100 -> 0 | N11: 0 | O11: =C11*N11/100 -> 0 | P11: 0 | Q11: =C11*P11/100 -> 0 | R11: 0 | S11: =C11*R11/100 -> 0 | T11: 0 | U11: =C11*T11/100 -> 0 | V11: 0 | W11: =C11*V11/100 -> 0 | X11: 0 | Y11: =C11*X11/100 -> 0 | Z11: 0 | AA11: =C11*Z11/100 -> 0 | AB11: 0 | AC11: =C11*AB11/100 -> 0 | AD11: 0 | AE11: =C11*AD11/100 -> 0 | AF11: 0 | AG11: =C11*AF11/100 -> 0 | AH11: 0 | AI11: =C11*AH11/100 -> 0 | AJ11: 0 | AK11: =C11*AJ11/100 -> 0 | AL11: 0 | AM11: =C11*AL11/100 -> 0 | AN11: 0 | AO11: =C11*AN11/100 -> 0 | AP11: 0 | AQ11: =C11*AP11/100 -> 0 | AR11: 0 | AS11: =C11*AR11/100 -> 0 | AT11: 0 | AU11: =C11*AT11/100 -> 0 | AV11: 0 | AW11: =C11*AV11/100 -> 0 | AX11: 0 | AY11: =C11*AX11/100 -> 0 | AZ11: 0 | BA11: =C11*AZ11/100 -> 0 | BB11: 0 | BC11: =C11*BB11/100 -> 0 | BD11: 0 | BE11: =C11*BD11/100 -> 0 | BF11: 0 | BG11: =C11*BF11/100 -> 0 | BH11: 0 | BI11: =C11*BH11/100 -> 0 | BJ11: 0 | BK11: =C11*BJ11/100 -> 0 | BL11: 0 | BM11: =C11*BL11/100 -> 0 | BN11: 0 | BO11: =C11*BN11/100 -> 0 | BP11: 0 | BQ11: =C11*BP11/100 -> 0 | BR11: 0 | BS11: =C11*BR11/100 -> 0 | BT11: 0 | BU11: =C11*BT11/100 -> 0 | BV11: 0 | BW11: =C11*BV11/100 -> 0 | BX11: 0 | BY11: =C11*BX11/100 -> 0 | BZ11: 0 | CA11: =C11*BZ11/100 -> 0 | CB11: 0 | CC11: =C11*CB11/100 -> 0 | CD11: 0 | CE11: =C11*CD11/100 -> 0 | CF11: 0 | CG11: =C11*CF11/100 -> 0 | CH11: 0 | CI11: =C11*CH11/100 -> 0 | CJ11: 0 | CK11: =C11*CJ11/100 -> 0 | CL11: 0 | CM11: =C11*CL11/100 -> 0 | CN11: 0 | CO11: =C11*CN11/100 -> 0 | CP11: 0 | CQ11: =C11*CP11/100 -> 0 | CR11: 0 | CS11: =C11*CR11/100 -> 0 | CT11: 0 | CU11: =C11*CT11/100 -> 0 | CV11: 0 | CW11: =C11*CV11/100 -> 0 | CX11: 0 | CY11: =C11*CX11/100 -> 0 | CZ11: 0 | DA11: =C11*CZ11/100 -> 0 | DB11: 0 | DC11: =C11*DB11/100 -> 0 | DD11: 0 | DE11: =C11*DD11/100 -> 0 | DF11: 0 | DG11: =C11*DF11/100 -> 0 | DH11: 0 | DI11: =C11*DH11/100 -> 0 | DJ11: 0 | DK11: =C11*DJ11/100 -> 0 | DL11: 0 | DM11: =C11*DL11/100 -> 0 | DN11: 0 | DO11: =C11*DN11/100 -> 0 | DP11: 0 | DQ11: =C11*DP11/100 -> 0 | DR11: 0 | DS11: =C11*DR11/100 -> 0 | DT11: =D11+F11+H11+J11+L11+N11+P11+R11+T11+V11+X11+Z11+AB11+AD11+AF11+AH11+AJ11+AL11+AN11+AP11+AR11+AT11+AV11+AX11+AZ11+BB11+BD11+BF11+BH11+BJ11+BL11+BN11+BP11+BR11+BT11+BV11+BX11+BZ11+CB11+CD11+CF11+CH11+CJ11+CL11+CN11+CP11+CR11+CT11+CV11+CX11+CZ11+DB11+DD11+DF11+DH11+DJ11+DL11+DN11+DP11+DR11 -> 100 | DU11: =E11+G11+I11+K11+M11+O11+Q11+S11+U11+W11+Y11+AA11+AC11+AE11+AG11+AI11+AK11+AM11+AO11+AQ11+AS11+AU11+AW11+AY11+BA11+BC11+BE11+BG11+BI11+BK11+BM11+BO11+BQ11+BS11+BU11+BW11+BY11+CA11+CC11+CE11+CG11+CI11+CK11+CM11+CO11+CQ11+CS11+CU11+CW11+CY11+DA11+DC11+DE11+DG11+DI11+DK11+DM11+DO11+DQ11+DS11 -> 0
A12: 5 | B12: REF. EDIFICAÇÃO EXISTENTE (ANTIGO BAR DO ESTÁDIO) | C12: =Orçamento!O149 -> 0 | D12: 0 | E12: =C12*D12/100 -> 0 | F12: 0 | G12: =C12*F12/100 -> 0 | H12: 0 | I12: =C12*H12/100 -> 0 | J12: 50 | K12: =C12*J12/100 -> 0 | L12: 50 | M12: =C12*L12/100 -> 0 | N12: 0 | O12: =C12*N12/100 -> 0 | P12: 0 | Q12: =C12*P12/100 -> 0 | R12: 0 | S12: =C12*R12/100 -> 0 | T12: 0 | U12: =C12*T12/100 -> 0 | V12: 0 | W12: =C12*V12/100 -> 0 | X12: 0 | Y12: =C12*X12/100 -> 0 | Z12: 0 | AA12: =C12*Z12/100 -> 0 | AB12: 0 | AC12: =C12*AB12/100 -> 0 | AD12: 0 | AE12: =C12*AD12/100 -> 0 | AF12: 0 | AG12: =C12*AF12/100 -> 0 | AH12: 0 | AI12: =C12*AH12/100 -> 0 | AJ12: 0 | AK12: =C12*AJ12/100 -> 0 | AL12: 0 | AM12: =C12*AL12/100 -> 0 | AN12: 0 | AO12: =C12*AN12/100 -> 0 | AP12: 0 | AQ12: =C12*AP12/100 -> 0 | AR12: 0 | AS12: =C12*AR12/100 -> 0 | AT12: 0 | AU12: =C12*AT12/100 -> 0 | AV12: 0 | AW12: =C12*AV12/100 -> 0 | AX12: 0 | AY12: =C12*AX12/100 -> 0 | AZ12: 0 | BA12: =C12*AZ12/100 -> 0 | BB12: 0 | BC12: =C12*BB12/100 -> 0 | BD12: 0 | BE12: =C12*BD12/100 -> 0 | BF12: 0 | BG12: =C12*BF12/100 -> 0 | BH12: 0 | BI12: =C12*BH12/100 -> 0 | BJ12: 0 | BK12: =C12*BJ12/100 -> 0 | BL12: 0 | BM12: =C12*BL12/100 -> 0 | BN12: 0 | BO12: =C12*BN12/100 -> 0 | BP12: 0 | BQ12: =C12*BP12/100 -> 0 | BR12: 0 | BS12: =C12*BR12/100 -> 0 | BT12: 0 | BU12: =C12*BT12/100 -> 0 | BV12: 0 | BW12: =C12*BV12/100 -> 0 | BX12: 0 | BY12: =C12*BX12/100 -> 0 | BZ12: 0 | CA12: =C12*BZ12/100 -> 0 | CB12: 0 | CC12: =C12*CB12/100 -> 0 | CD12: 0 | CE12: =C12*CD12/100 -> 0 | CF12: 0 | CG12: =C12*CF12/100 -> 0 | CH12: 0 | CI12: =C12*CH12/100 -> 0 | CJ12: 0 | CK12: =C12*CJ12/100 -> 0 | CL12: 0 | CM12: =C12*CL12/100 -> 0 | CN12: 0 | CO12: =C12*CN12/100 -> 0 | CP12: 0 | CQ12: =C12*CP12/100 -> 0 | CR12: 0 | CS12: =C12*CR12/100 -> 0 | CT12: 0 | CU12: =C12*CT12/100 -> 0 | CV12: 0 | CW12: =C12*CV12/100 -> 0 | CX12: 0 | CY12: =C12*CX12/100 -> 0 | CZ12: 0 | DA12: =C12*CZ12/100 -> 0 | DB12: 0 | DC12: =C12*DB12/100 -> 0 | DD12: 0 | DE12: =C12*DD12/100 -> 0 | DF12: 0 | DG12: =C12*DF12/100 -> 0 | DH12: 0 | DI12: =C12*DH12/100 -> 0 | DJ12: 0 | DK12: =C12*DJ12/100 -> 0 | DL12: 0 | DM12: =C12*DL12/100 -> 0 | DN12: 0 | DO12: =C12*DN12/100 -> 0 | DP12: 0 | DQ12: =C12*DP12/100 -> 0 | DR12: 0 | DS12: =C12*DR12/100 -> 0 | DT12: =D12+F12+H12+J12+L12+N12+P12+R12+T12+V12+X12+Z12+AB12+AD12+AF12+AH12+AJ12+AL12+AN12+AP12+AR12+AT12+AV12+AX12+AZ12+BB12+BD12+BF12+BH12+BJ12+BL12+BN12+BP12+BR12+BT12+BV12+BX12+BZ12+CB12+CD12+CF12+CH12+CJ12+CL12+CN12+CP12+CR12+CT12+CV12+CX12+CZ12+DB12+DD12+DF12+DH12+DJ12+DL12+DN12+DP12+DR12 -> 100 | DU12: =E12+G12+I12+K12+M12+O12+Q12+S12+U12+W12+Y12+AA12+AC12+AE12+AG12+AI12+AK12+AM12+AO12+AQ12+AS12+AU12+AW12+AY12+BA12+BC12+BE12+BG12+BI12+BK12+BM12+BO12+BQ12+BS12+BU12+BW12+BY12+CA12+CC12+CE12+CG12+CI12+CK12+CM12+CO12+CQ12+CS12+CU12+CW12+CY12+DA12+DC12+DE12+DG12+DI12+DK12+DM12+DO12+DQ12+DS12 -> 0
A13: 6 | B13: INSTALAÇÕES REFORMA E AMPLIAÇÃO, E SERVIÇOS FINAIS | C13: =Orçamento!O210 -> 0 | D13: 20 | E13: =C13*D13/100 -> 0 | F13: 20 | G13: =C13*F13/100 -> 0 | H13: 20 | I13: =C13*H13/100 -> 0 | J13: 20 | K13: =C13*J13/100 -> 0 | L13: 20 | M13: =C13*L13/100 -> 0 | N13: 0 | O13: =C13*N13/100 -> 0 | P13: 0 | Q13: =C13*P13/100 -> 0 | R13: 0 | S13: =C13*R13/100 -> 0 | T13: 0 | U13: =C13*T13/100 -> 0 | V13: 0 | W13: =C13*V13/100 -> 0 | X13: 0 | Y13: =C13*X13/100 -> 0 | Z13: 0 | AA13: =C13*Z13/100 -> 0 | AB13: 0 | AC13: =C13*AB13/100 -> 0 | AD13: 0 | AE13: =C13*AD13/100 -> 0 | AF13: 0 | AG13: =C13*AF13/100 -> 0 | AH13: 0 | AI13: =C13*AH13/100 -> 0 | AJ13: 0 | AK13: =C13*AJ13/100 -> 0 | AL13: 0 | AM13: =C13*AL13/100 -> 0 | AN13: 0 | AO13: =C13*AN13/100 -> 0 | AP13: 0 | AQ13: =C13*AP13/100 -> 0 | AR13: 0 | AS13: =C13*AR13/100 -> 0 | AT13: 0 | AU13: =C13*AT13/100 -> 0 | AV13: 0 | AW13: =C13*AV13/100 -> 0 | AX13: 0 | AY13: =C13*AX13/100 -> 0 | AZ13: 0 | BA13: =C13*AZ13/100 -> 0 | BB13: 0 | BC13: =C13*BB13/100 -> 0 | BD13: 0 | BE13: =C13*BD13/100 -> 0 | BF13: 0 | BG13: =C13*BF13/100 -> 0 | BH13: 0 | BI13: =C13*BH13/100 -> 0 | BJ13: 0 | BK13: =C13*BJ13/100 -> 0 | BL13: 0 | BM13: =C13*BL13/100 -> 0 | BN13: 0 | BO13: =C13*BN13/100 -> 0 | BP13: 0 | BQ13: =C13*BP13/100 -> 0 | BR13: 0 | BS13: =C13*BR13/100 -> 0 | BT13: 0 | BU13: =C13*BT13/100 -> 0 | BV13: 0 | BW13: =C13*BV13/100 -> 0 | BX13: 0 | BY13: =C13*BX13/100 -> 0 | BZ13: 0 | CA13: =C13*BZ13/100 -> 0 | CB13: 0 | CC13: =C13*CB13/100 -> 0 | CD13: 0 | CE13: =C13*CD13/100 -> 0 | CF13: 0 | CG13: =C13*CF13/100 -> 0 | CH13: 0 | CI13: =C13*CH13/100 -> 0 | CJ13: 0 | CK13: =C13*CJ13/100 -> 0 | CL13: 0 | CM13: =C13*CL13/100 -> 0 | CN13: 0 | CO13: =C13*CN13/100 -> 0 | CP13: 0 | CQ13: =C13*CP13/100 -> 0 | CR13: 0 | CS13: =C13*CR13/100 -> 0 | CT13: 0 | CU13: =C13*CT13/100 -> 0 | CV13: 0 | CW13: =C13*CV13/100 -> 0 | CX13: 0 | CY13: =C13*CX13/100 -> 0 | CZ13: 0 | DA13: =C13*CZ13/100 -> 0 | DB13: 0 | DC13: =C13*DB13/100 -> 0 | DD13: 0 | DE13: =C13*DD13/100 -> 0 | DF13: 0 | DG13: =C13*DF13/100 -> 0 | DH13: 0 | DI13: =C13*DH13/100 -> 0 | DJ13: 0 | DK13: =C13*DJ13/100 -> 0 | DL13: 0 | DM13: =C13*DL13/100 -> 0 | DN13: 0 | DO13: =C13*DN13/100 -> 0 | DP13: 0 | DQ13: =C13*DP13/100 -> 0 | DR13: 0 | DS13: =C13*DR13/100 -> 0 | DT13: =D13+F13+H13+J13+L13+N13+P13+R13+T13+V13+X13+Z13+AB13+AD13+AF13+AH13+AJ13+AL13+AN13+AP13+AR13+AT13+AV13+AX13+AZ13+BB13+BD13+BF13+BH13+BJ13+BL13+BN13+BP13+BR13+BT13+BV13+BX13+BZ13+CB13+CD13+CF13+CH13+CJ13+CL13+CN13+CP13+CR13+CT13+CV13+CX13+CZ13+DB13+DD13+DF13+DH13+DJ13+DL13+DN13+DP13+DR13 -> 100 | DU13: =E13+G13+I13+K13+M13+O13+Q13+S13+U13+W13+Y13+AA13+AC13+AE13+AG13+AI13+AK13+AM13+AO13+AQ13+AS13+AU13+AW13+AY13+BA13+BC13+BE13+BG13+BI13+BK13+BM13+BO13+BQ13+BS13+BU13+BW13+BY13+CA13+CC13+CE13+CG13+CI13+CK13+CM13+CO13+CQ13+CS13+CU13+CW13+CY13+DA13+DC13+DE13+DG13+DI13+DK13+DM13+DO13+DQ13+DS13 -> 0
A14: Totais cronograma | C14: =SUM(C8:C13) -> 0 | D14: =SUM(E8:E13) -> 0 | F14: =SUM(G8:G13) -> 0 | H14: =SUM(I8:I13) -> 0 | J14: =SUM(K8:K13) -> 0 | L14: =SUM(M8:M13) -> 0 | N14: =SUM(O8:O13) -> 0 | P14: =SUM(Q8:Q13) -> 0 | R14: =SUM(S8:S13) -> 0 | T14: =SUM(U8:U13) -> 0 | V14: =SUM(W8:W13) -> 0 | X14: =SUM(Y8:Y13) -> 0 | Z14: =SUM(AA8:AA13) -> 0 | AB14: =SUM(AC8:AC13) -> 0 | AD14: =SUM(AE8:AE13) -> 0 | AF14: =SUM(AG8:AG13) -> 0 | AH14: =SUM(AI8:AI13) -> 0 | AJ14: =SUM(AK8:AK13) -> 0 | AL14: =SUM(AM8:AM13) -> 0 | AN14: =SUM(AO8:AO13) -> 0 | AP14: =SUM(AQ8:AQ13) -> 0 | AR14: =SUM(AS8:AS13) -> 0 | AT14: =SUM(AU8:AU13) -> 0 | AV14: =SUM(AW8:AW13) -> 0 | AX14: =SUM(AY8:AY13) -> 0 | AZ14: =SUM(BA8:BA13) -> 0 | BB14: =SUM(BC8:BC13) -> 0 | BD14: =SUM(BE8:BE13) -> 0 | BF14: =SUM(BG8:BG13) -> 0 | BH14: =SUM(BI8:BI13) -> 0 | BJ14: =SUM(BK8:BK13) -> 0 | BL14: =SUM(BM8:BM13) -> 0 | BN14: =SUM(BO8:BO13) -> 0 | BP14: =SUM(BQ8:BQ13) -> 0 | BR14: =SUM(BS8:BS13) -> 0 | BT14: =SUM(BU8:BU13) -> 0 | BV14: =SUM(BW8:BW13) -> 0 | BX14: =SUM(BY8:BY13) -> 0 | BZ14: =SUM(CA8:CA13) -> 0 | CB14: =SUM(CC8:CC13) -> 0 | CD14: =SUM(CE8:CE13) -> 0 | CF14: =SUM(CG8:CG13) -> 0 | CH14: =SUM(CI8:CI13) -> 0 | CJ14: =SUM(CK8:CK13) -> 0 | CL14: =SUM(CM8:CM13) -> 0 | CN14: =SUM(CO8:CO13) -> 0 | CP14: =SUM(CQ8:CQ13) -> 0 | CR14: =SUM(CS8:CS13) -> 0 | CT14: =SUM(CU8:CU13) -> 0 | CV14: =SUM(CW8:CW13) -> 0 | CX14: =SUM(CY8:CY13) -> 0 | CZ14: =SUM(DA8:DA13) -> 0 | DB14: =SUM(DC8:DC13) -> 0 | DD14: =SUM(DE8:DE13) -> 0 | DF14: =SUM(DG8:DG13) -> 0 | DH14: =SUM(DI8:DI13) -> 0 | DJ14: =SUM(DK8:DK13) -> 0 | DL14: =SUM(DM8:DM13) -> 0 | DN14: =SUM(DO8:DO13) -> 0 | DP14: =SUM(DQ8:DQ13) -> 0 | DR14: =SUM(DS8:DS13) -> 0 | DT14: =(DU14/C14)*100 -> #DIV/0! | DU14: =SUM(DU8:DU13) -> 0

Sheet BDI Principal
A1: Prefeitura Municipal de Ibicaré - SC
A2: Orcamento de obra - AMPLIAÇÃO CRECHE MUNICIPAL MADRE LEONTINA
A3: Data: | B3: =DADOS!C3 -> 05/03/2026
A4: Empresa: | B4: =DADOS!C7 -> 0 | G4: Telefone: | H4: =DADOS!C9
A5: CNPJ: | B5: =DADOS!C8 | D5: Cidade: | E5: =DADOS!C13 -> 0 | H5: UF: | I5: =DADOS!C14 -> 0
A7: Item | B7: 1º quartil | C7: 3º quartil | D7: Proposto | E7: Identificação
A8: AC | B8: 3 | C8: 5.5 | D8: 4 | E8: Administração Central | J8: =D8/100 -> 0.04
A9: S+G | B9: 0.8 | C9: 1 | D9: 0.8 | E9: Seguro e Garantia | J9: =D9/100 -> 0.008
A10: R | B10: 0.97 | C10: 1.27 | D10: 1.27 | E10: Risco | J10: =D10/100 -> 0.0127
A11: DF | B11: 0.59 | C11: 1.39 | D11: 1.23 | E11: Despesas Financeiras | J11: =D11/100 -> 0.0123
A12: L | B12: 6.16 | C12: 8.96 | D12: 7.4 | E12: Lucro | J12: =D12/100 -> 0.074
A13: I* | B13: 5.65 | C13: 10.65 | D13: =I15+I18+I19 -> 6.65 | E13: Tributos * | J13: =D13/100 -> 0.0665
C14: Total | D14: =ROUND(((((1+J8+J9+J10)*(1+J11)*(1+J12)/(1-J15-J18))-1)*100),2) -> 23.54
F15: PIS e COFINS | I15: 3.65 | J15: =I15/100 -> 0.0365
F16: Alíquota ISS | I16: 3 | J16: =I16/100 -> 0.03
F17: Base de cálculo | I17: 100
F18: ISS Aplicável | I18: =((I17*I16)/100) -> 3 | J18: =I18/100 -> 0.03
F19: Cont. Prev. s/Rec.Bruta | I19: 0
E29: =DADOS!C11 -> 0
E30: =DADOS!C12 -> 0

Sheet BDI Diferenciado
A1: Prefeitura Municipal de Ibicaré - SC
A2: Orcamento de obra - AMPLIAÇÃO CRECHE MUNICIPAL MADRE LEONTINA
A3: Data: | B3: =DADOS!C3 -> 05/03/2026
A4: Empresa: | B4: =DADOS!C7 -> 0 | G4: Telefone: | H4: =DADOS!C9
A5: CNPJ: | B5: =DADOS!C8 | D5: Cidade: | E5: =DADOS!C13 -> 0 | H5: UF: | I5: =DADOS!C14 -> 0
A7: Item | B7: 1º quartil | C7: 3º quartil | D7: Proposto | E7: Identificação
A8: AC | B8: 1.5 | C8: 4.49 | D8: 0 | E8: Administração Central | J8: =D8/100 -> 0
A9: S+G | B9: 0.3 | C9: 0.82 | D9: 0 | E9: Seguro e Garantia | J9: =D9/100 -> 0
A10: R | B10: 0.56 | C10: 0.89 | D10: 0 | E10: Risco | J10: =D10/100 -> 0
A11: DF | B11: 0.85 | C11: 1.11 | D11: 0 | E11: Despesas Financeiras | J11: =D11/100 -> 0
A12: L | B12: 3.5 | C12: 6.22 | D12: 0 | E12: Lucro | J12: =D12/100 -> 0
A13: I* | B13: 5.65 | C13: 10.65 | D13: =I15+I16 -> 3.65 | E13: Tributos * | J13: =D13/100 -> 0.0365
C14: Total | D14: =ROUND(((((1+J8+J9+J10)*(1+J11)*(1+J12)/(1-J13))-1)*100),2) -> 3.79
F15: PIS e COFINS | I15: 3.65 | J15: =I15/100 -> 0.0365
F16: Cont. Prev. s/Rec.Bruta | I16: 0
E26: =DADOS!C11 -> 0
E27: =DADOS!C12 -> 0

Sheet BDI (Fator K e TRDE)
A1: Prefeitura Municipal de Ibicaré - SC
A2: Orcamento de obra - AMPLIAÇÃO CRECHE MUNICIPAL MADRE LEONTINA
A3: Data: | B3: =DADOS!C3 -> 05/03/2026
A4: Empresa: | B4: =DADOS!C7 -> 0 | G4: Telefone: | H4: =DADOS!C9
A5: CNPJ: | B5: =DADOS!C8 | D5: Cidade: | E5: =DADOS!C13 -> 0 | H5: UF: | I5: =DADOS!C14 -> 0
A8: K1= | B8: 1.1428 | C8: Encargos sociais incidentes sobre a mão de obra
A9: k2= | B9: 0.2 | C9: Administração central (overhead)
A10: k3= | B10: 0.12 | C10: Margem bruta
A11: k4= | B11: 0 | C11: Impostos (PIS + COFINS + ISS)
A12: K | B12: =(((1+B8+B9)*(1+B10))/(1-B11)) -> 2.623936 | C12: {[(1+k1+k2)(1+k3)]/(1-k4)}
A13: TRDE | B13: =((1+B10)/(1-B11)) -> 1.12 | C13: [(1+k3)/(1-k4)]
E23: =DADOS!C11 -> 0
E24: =DADOS!C12 -> 0

Sheet BDI Especifico
A1: Prefeitura Municipal de Ibicaré - SC
A2: Orcamento de obra - AMPLIAÇÃO CRECHE MUNICIPAL MADRE LEONTINA
A3: Data: | B3: =DADOS!C3 -> 05/03/2026
A4: Empresa: | B4: =DADOS!C7 -> 0 | G4: Telefone: | H4: =DADOS!C9
A5: CNPJ: | B5: =DADOS!C8 | D5: Cidade: | E5: =DADOS!C13 -> 0 | H5: UF: | I5: =DADOS!C14 -> 0
A7: Item | B7: 1º quartil | C7: 3º quartil | D7: Proposto | E7: Identificação
A8: AC | B8: 3 | C8: 5.5 | D8: 1.5 | E8: Administração Central | J8: =D8/100 -> 0.015
A9: S+G | B9: 0.8 | C9: 1 | D9: 0.3 | E9: Seguro e Garantia | J9: =D9/100 -> 0.003
A10: R | B10: 0.97 | C10: 1.27 | D10: 0.56 | E10: Risco | J10: =D10/100 -> 0.0056
A11: DF | B11: 0.59 | C11: 1.39 | D11: 0.85 | E11: Despesas Financeiras | J11: =D11/100 -> 0.0085
A12: L | B12: 6.16 | C12: 8.96 | D12: 3.5 | E12: Lucro | J12: =D12/100 -> 0.035
A13: I* | B13: 5.65 | C13: 10.65 | D13: =I15+I18+I19 -> 6.65 | E13: Tributos * | J13: =D13/100 -> 0.0665
C14: Total | D14: =ROUND(((((1+J8+J9+J10)*(1+J11)*(1+J12)/(1-J15-J18))-1)*100),2) -> 14.45
F15: PIS e COFINS | I15: 3.65 | J15: =I15/100 -> 0.0365
F16: Alíquota ISS | I16: 3 | J16: =I16/100 -> 0.03
F17: Base de cálculo | I17: 100
F18: ISS Aplicável | I18: =((I17*I16)/100) -> 3 | J18: =I18/100 -> 0.03
F19: Cont. Prev. s/Rec.Bruta | I19: 0
E29: =DADOS!C11 -> 0
E30: =DADOS!C12 -> 0

Sheet Repositório
A1: ='BDI Principal'!D14 -> 23.54
A2: ='BDI Diferenciado'!D14 -> 3.79
A3: ='BDI (Fator K e TRDE)'!B12 -> 2.623936
A4: ='BDI (Fator K e TRDE)'!B13 -> 1.12
